Workbook

Sheet Orçamentária
D2: PLANILHA ORÇAMENTÁRIA
C4: OBSERVAÇÕES:
C5: 1 - As informações mínimas que deverão constar da planilha são: Númeração do Item, Discriminação,
C6: Unidade, Quantidade, Custo Unitário do material, Custo Unitário de Mão de Obra, Custo total do
C7: Material por item, Custo total de Mão de Obra por Item, Subtotais de Material, subtotais de Mão de
C8: Obra, Total Geral de Material, Total Geral de Mão de Obra e Total Geral do Orçamento.
C9: 2 - A Planilha orçamentária abaixo deverá ser apresentada utilizando papel timbrado da empresa;
C10: 3 - Os Valores constantes na planilha deverão ser o valores de mercado, sem a aplicação do BDI;
C11: 4 - O BDI deverá estar destacado ao final da tabela, com o preenchimento dos campos específicos,
C12: conforme abaixo. A composição do BDI aplicado deverá ser detalhada.
C13: 5 - Os itens elencados abaixo são referentes a obra ora em licitação, e servirão de referências
C14: para cotação. Alterações nos itens e quantidades, somente poderão ocorrer com autorização da
C15: Comissão Permanente de Licitação.
C17: UO: | D17: Sesc Pousada Rural
C18: Obra: | D18: Reforma e Ampliação do Restaurante e revitalização do estacionamento frontal do SPR
D19: ORÇAMENTO DISCRIMINADO GLOBAL - MATERIAL E MÃO DE OBRA
D20: DISCRIMINAÇÃO | E20: QTDE. | F20: UNID. | G20: CUSTO UNITÁRIO | J20: CUSTO TOTAL
G21: MATER. UNIT. (R$) | H21: M.D.O. UNIT. (R$) | I21: TOTAL UNIT. (R$) | J21: MATER. TOTAL (R$) | K21: M.D.O. TOTAL (R$) | L21: TOTAL ÍTEM (R$)
C22: 1 | D22: SERVIÇOS INICIAIS E ADMINISTRAÇÃO
C23: 1.1 | D23: Despesas iniciais
C24: 1.1.1 | D24: Impostos e seguros (riscos de engenharia/responsabilidade civil) | E24: 2531.56 | F24: m² | G24: 0 | H24: 0 | I24: =G24+H24 -> 0 | J24: =TRUNC(E24*G24,2) -> 0 | K24: =TRUNC(E24*H24,2) -> 0 | L24: =TRUNC(J24+K24,2) -> 0
C25: 1.1.2 | D25: Taxa de habite-se Bombeiros/SC (lei nº 7.541, 30 de dezembro de 1998 - Decreto-Lei nº 420/23) - referência 01/01/2024 | E25: 2531.56 | F25: m² | G25: 0 | H25: 0 | I25: =G25+H25 -> 0 | J25: =TRUNC(E25*G25,2) -> 0 | K25: =TRUNC(E25*H25,2) -> 0 | L25: =TRUNC(J25+K25,2) -> 0
C26: 1.1.3 | D26: Alvará para Lages/SC (lei ordinária nº 721/1983 - regulamentada pelo decreto nº 1.198/1984 - vide decreto nº 14.161/2013) | E26: 2531.56 | F26: m² | G26: 0 | H26: 0 | I26: =G26+H26 -> 0 | J26: =TRUNC(E26*G26,2) -> 0 | K26: =TRUNC(E26*H26,2) -> 0 | L26: =TRUNC(J26+K26,2) -> 0
D27: TOTAIS | J27: =SUM(J24:J26) -> 0 | K27: =SUM(K24:K26) -> 0 | L27: =J27+K27 -> 0
C29: 1.2 | D29: Administração local
C30: 1.2.1 | D30: Engenheiro civil de obra pleno com encargos complementares (6h por dia durante 10 meses) | E30: 1320 | F30: H | G30: 0 | H30: 0 | I30: =G30+H30 -> 0 | J30: =TRUNC(E30*G30,2) -> 0 | K30: =TRUNC(E30*H30,2) -> 0 | L30: =TRUNC(J30+K30,2) -> 0
C31: 1.2.2 | D31: Engenheiro eletricista com encargos complementares (4h por dia durante 10 meses) | E31: 880 | F31: H | G31: 0 | H31: 0 | I31: =G31+H31 -> 0 | J31: =TRUNC(E31*G31,2) -> 0 | K31: =TRUNC(E31*H31,2) -> 0 | L31: =TRUNC(J31+K31,2) -> 0
C32: 1.2.3 | D32: Engenheiro mecânico com encargos complementares (4h por dia durante 5 meses) | E32: 440 | F32: H | G32: 0 | H32: 0 | I32: =G32+H32 -> 0 | J32: =TRUNC(E32*G32,2) -> 0 | K32: =TRUNC(E32*H32,2) -> 0 | L32: =TRUNC(J32+K32,2) -> 0
C33: 1.2.4 | D33: Mestre de obras com encargos complementares | E33: 10 | F33: mês | G33: 0 | H33: 0 | I33: =G33+H33 -> 0 | J33: =TRUNC(E33*G33,2) -> 0 | K33: =TRUNC(E33*H33,2) -> 0 | L33: =TRUNC(J33+K33,2) -> 0
C34: 1.2.5 | D34: Anotação de responsabilidade técnica - ART | E34: 3 | F34: un | G34: 0 | H34: 0 | I34: =G34+H34 -> 0 | J34: =TRUNC(E34*G34,2) -> 0 | K34: =TRUNC(E34*H34,2) -> 0 | L34: =TRUNC(J34+K34,2) -> 0
D35: TOTAIS | J35: =SUM(J28:J34) -> 0 | K35: =SUM(K28:K34) -> 0 | L35: =J35+K35 -> 0
C37: 1.3 | D37: Canteiro de obras
C38: 1.3.1 | D38: Fornecimento e instalação de placa de obra com chapa galvanizada e estrutura de madeira. | E38: 6 | F38: m² | G38: 0 | H38: 0 | I38: =G38+H38 -> 0 | J38: =TRUNC(E38*G38,2) -> 0 | K38: =TRUNC(E38*H38,2) -> 0 | L38: =TRUNC(J38+K38,2) -> 0
C39: 1.3.2 | D39: Tapume com telha metálica.- restaurante e estacionamento | E39: 1168.55 | F39: m² | G39: 0 | H39: 0 | I39: =G39+H39 -> 0 | J39: =TRUNC(E39*G39,2) -> 0 | K39: =TRUNC(E39*H39,2) -> 0 | L39: =TRUNC(J39+K39,2) -> 0
C40: 1.3.3 | D40: Execução de sanitário e vestiário em canteiro de obras, fora da projeção da laje, em chapa de madeira compensada, não incluso mobiliário. | E40: 7 | F40: m² | G40: 0 | H40: 0 | I40: =G40+H40 -> 0 | J40: =TRUNC(E40*G40,2) -> 0 | K40: =TRUNC(E40*H40,2) -> 0 | L40: =TRUNC(J40+K40,2) -> 0
C41: 1.3.4 | D41: Execução de escritório em canteiro de obras, fora da projeção da laje, em chapa de madeira compensada, não incluso mobiliário e equipamentos. | E41: 15 | F41: m² | G41: 0 | H41: 0 | I41: =G41+H41 -> 0 | J41: =TRUNC(E41*G41,2) -> 0 | K41: =TRUNC(E41*H41,2) -> 0 | L41: =TRUNC(J41+K41,2) -> 0
C42: 1.3.5 | D42: Execução de refeitório em canteiro de obras, fora da projeção da laje, em chapa de madeira compensada, não incluso mobiliário e equipamentos. | E42: 18 | F42: m² | G42: 0 | H42: 0 | I42: =G42+H42 -> 0 | J42: =TRUNC(E42*G42,2) -> 0 | K42: =TRUNC(E42*H42,2) -> 0 | L42: =TRUNC(J42+K42,2) -> 0
C43: 1.3.6 | D43: Execução de almoxarifado em canteiro de obras, fora da projeção da laje, em chapa de madeira compensada, não incluso mobiliário e equipamentos. | E43: 15 | F43: m² | G43: 0 | H43: 0 | I43: =G43+H43 -> 0 | J43: =TRUNC(E43*G43,2) -> 0 | K43: =TRUNC(E43*H43,2) -> 0 | L43: =TRUNC(J43+K43,2) -> 0
D44: TOTAIS | J44: =SUM(J36:J43) -> 0 | K44: =SUM(K36:K43) -> 0 | L44: =J44+K44 -> 0
C46: 1.4 | D46: Projetos "AS BUILT"
C47: 1.4.1 | D47: Projeto As Built - Arquitetônico | E47: 2531.56 | F47: m² | G47: 0 | H47: 0 | I47: =G47+H47 -> 0 | J47: =TRUNC(E47*G47,2) -> 0 | K47: =TRUNC(E47*H47,2) -> 0 | L47: =TRUNC(J47+K47,2) -> 0
C48: 1.4.2 | D48: Projeto As Built - Hidrossanitário | E48: 2531.56 | F48: m² | G48: 0 | H48: 0 | I48: =G48+H48 -> 0 | J48: =TRUNC(E48*G48,2) -> 0 | K48: =TRUNC(E48*H48,2) -> 0 | L48: =TRUNC(J48+K48,2) -> 0
C49: 1.4.3 | D49: Projeto As Built - Elétrico | E49: 2531.56 | F49: m² | G49: 0 | H49: 0 | I49: =G49+H49 -> 0 | J49: =TRUNC(E49*G49,2) -> 0 | K49: =TRUNC(E49*H49,2) -> 0 | L49: =TRUNC(J49+K49,2) -> 0
C50: 1.4.4 | D50: Projeto As Built - Preventivo | E50: 2253.35 | F50: m² | G50: 0 | H50: 0 | I50: =G50+H50 -> 0 | J50: =TRUNC(E50*G50,2) -> 0 | K50: =TRUNC(E50*H50,2) -> 0 | L50: =TRUNC(J50+K50,2) -> 0
C51: 1.4.5 | D51: Projeto As Built - Climatização | E51: 2253.35 | F51: m² | G51: 0 | H51: 0 | I51: =G51+H51 -> 0 | J51: =TRUNC(E51*G51,2) -> 0 | K51: =TRUNC(E51*H51,2) -> 0 | L51: =TRUNC(J51+K51,2) -> 0
D52: TOTAIS | J52: =SUM(J46:J51) -> 0 | K52: =SUM(K46:K51) -> 0 | L52: =J52+K52 -> 0
C54: 1.5 | D54: Despesas Correntes
C55: 1.5.1 | D55: Limpeza Permanente da Obra | E55: 10 | F55: mes | G55: 0 | H55: 0 | I55: =G55+H55 -> 0 | J55: =TRUNC(E55*G55,2) -> 0 | K55: =TRUNC(E55*H55,2) -> 0 | L55: =TRUNC(J55+K55,2) -> 0
C56: 1.5.2 | D56: Mobilização / Desmobilização
C57: 1.5.2.1 | D57: Mobilização:• Aquisição e transporte de materiais e equipamentos;• Contratação e mobilização da equipe;• Planejamento de segurança e sinalização. | E57: 0.5 | F57: un | G57: 0 | H57: 0 | I57: =G57+H57 -> 0 | J57: =TRUNC(E57*G57,2) -> 0 | K57: =TRUNC(E57*H57,2) -> 0 | L57: =TRUNC(J57+K57,2) -> 0
C58: 1.5.2.2 | D58: Desmobilização: • Desmontagem do canteiro de obras; • Desmobilização de equipamentos e materiais remanescentes;• Desligamento de infraestrutura provisória;• Baixa de licenças e contratos; • Vistoria final. | E58: 31.5 | F58: m² | G58: 0 | H58: 0 | I58: =G58+H58 -> 0 | J58: =TRUNC(E58*G58,2) -> 0 | K58: =TRUNC(E58*H58,2) -> 0 | L58: =TRUNC(J58+K58,2) -> 0
D59: TOTAIS | J59: =SUM(J54:J58) -> 0 | K59: =SUM(K54:K58) -> 0 | L59: =J59+K59 -> 0
D61: TOTAL SERVIÇOS INICIAIS E ADMINISTRAÇÃO | J61: =J27+J35+J44+J52+J59 -> 0 | K61: =K27+K35+K44+K52+K59 -> 0 | L61: =J61+K61 -> 0
C63: 2 | D63: RESTAURANTE
C64: 2.1 | D64: DEMOLIÇÕES
C65: 2.1.1 | D65: Demolição de alvenaria de bloco furado, de forma manual, sem reaproveitamento. | E65: 42.79 | F65: m³ | G65: 0 | H65: 0 | I65: =G65+H65 -> 0 | J65: =TRUNC(E65*G65,2) -> 0 | K65: =TRUNC(E65*H65,2) -> 0 | L65: =TRUNC(J65+K65,2) -> 0
C66: 2.1.2 | D66: Remoção de janelas, de forma manual, sem reaproveitamento. | E66: 88.61 | F66: m² | G66: 0 | H66: 0 | I66: =G66+H66 -> 0 | J66: =TRUNC(E66*G66,2) -> 0 | K66: =TRUNC(E66*H66,2) -> 0 | L66: =TRUNC(J66+K66,2) -> 0
C67: 2.1.3 | D67: Remoção de portas, de forma manual, sem reaproveitamento. | E67: 65.86 | F67: m² | G67: 0 | H67: 0 | I67: =G67+H67 -> 0 | J67: =TRUNC(E67*G67,2) -> 0 | K67: =TRUNC(E67*H67,2) -> 0 | L67: =TRUNC(J67+K67,2) -> 0
C68: 2.1.4 | D68: Demolição manual de base suporte, contrapiso, camada regularizadora ou de assentamento | E68: 1174.23 | F68: m² | G68: 0 | H68: 0 | I68: =G68+H68 -> 0 | J68: =TRUNC(E68*G68,2) -> 0 | K68: =TRUNC(E68*H68,2) -> 0 | L68: =TRUNC(J68+K68,2) -> 0
C69: 2.1.5 | D69: Demolição de piso cerâmico | E69: 1174.23 | F69: m² | G69: 0 | H69: 0 | I69: =G69+H69 -> 0 | J69: =TRUNC(E69*G69,2) -> 0 | K69: =TRUNC(E69*H69,2) -> 0 | L69: =TRUNC(J69+K69,2) -> 0
C70: 2.1.6 | D70: Demolição de argamassas, de forma manual, sem reaproveitamento. | E70: 622.36 | F70: m² | G70: 0 | H70: 0 | I70: =G70+H70 -> 0 | J70: =TRUNC(E70*G70,2) -> 0 | K70: =TRUNC(E70*H70,2) -> 0 | L70: =TRUNC(J70+K70,2) -> 0
C71: 2.1.7 | D71: Demolição de revestimento cerâmico, de forma mecanizada com martelete, sem reaproveitamento. | E71: 622.36 | F71: m² | G71: 0 | H71: 0 | I71: =G71+H71 -> 0 | J71: =TRUNC(E71*G71,2) -> 0 | K71: =TRUNC(E71*H71,2) -> 0 | L71: =TRUNC(J71+K71,2) -> 0
C72: 2.1.8 | D72: Retirada do meio-fio mecanizada | E72: 122.6 | F72: m | G72: 0 | H72: 0 | I72: =G72+H72 -> 0 | J72: =TRUNC(E72*G72,2) -> 0 | K72: =TRUNC(E72*H72,2) -> 0 | L72: =TRUNC(J72+K72,2) -> 0
C73: 2.1.9 | D73: Demolição de alvenaria de elementos vazados (cobogó), sem reaproveitamento | E73: 18.89 | F73: m² | G73: 0 | H73: 0 | I73: =G73+H73 -> 0 | J73: =TRUNC(E73*G73,2) -> 0 | K73: =TRUNC(E73*H73,2) -> 0 | L73: =TRUNC(J73+K73,2) -> 0
C74: 2.1.10 | D74: Remoção de telhas de fibrocimento metálica e cerâmica, de forma manual, sem reaproveitamento. | E74: 1440.57 | F74: m² | G74: 0 | H74: 0 | I74: =G74+H74 -> 0 | J74: =TRUNC(E74*G74,2) -> 0 | K74: =TRUNC(E74*H74,2) -> 0 | L74: =TRUNC(J74+K74,2) -> 0
C75: 2.1.11 | D75: Remoção de madeiramento (ripa e ripão) em telhado com telha cerâmica | E75: 115.33 | F75: m² | G75: 0 | H75: 0 | I75: =G75+H75 -> 0 | J75: =TRUNC(E75*G75,2) -> 0 | K75: =TRUNC(E75*H75,2) -> 0 | L75: =TRUNC(J75+K75,2) -> 0
C76: 2.1.12 | D76: Remoção de louças, de forma manual, sem reaproveitamento. | E76: 31 | F76: un | G76: 0 | H76: 0 | I76: =G76+H76 -> 0 | J76: =TRUNC(E76*G76,2) -> 0 | K76: =TRUNC(E76*H76,2) -> 0 | L76: =TRUNC(J76+K76,2) -> 0
... C91: 2.1.27 | D91: Demolição de rodapé cerâmico, de forma manual, sem reaproveitamento. | E91: 77.03 | F91: m | G91: 0 | H91: 0 | I91: =G91+H91 -> 0 | J91: =TRUNC(E91*G91,2) -> 0 | K91: =TRUNC(E91*H91,2) -> 0 | L91: =TRUNC(J91+K91,2) -> 0
D92: TOTAIS | J92: =SUM(J65:J91) -> 0 | K92: =SUM(K65:K91) -> 0 | L92: =J92+K92 -> 0
C94: 2.2 | D94: ESTRUTURA DE CONCRETO ARMADO
C95: 2.2.1 | D95: INFRAESTRUTURA
C96: 2.2.1.1 | D96: Escavações
C97: 2.2.1.1.1 | D97: Escavação mecanizada para bloco de coroamento ou sapata com retroescavadeira (incluindo escavação para colocação de fôrmas). | E97: 109.57 | F97: m³ | G97: 0 | H97: 0 | I97: =G97+H97 -> 0 | J97: =TRUNC(E97*G97,2) -> 0 | K97: =TRUNC(E97*H97,2) -> 0 | L97: =TRUNC(J97+K97,2) -> 0
C98: 2.2.1.1.2 | D98: Escavação mecanizada para viga baldrame ou sapata corrida com mini-escavadeira (incluindo escavação para colocação de fôrmas). | E98: 63.88 | F98: m³ | G98: 0 | H98: 0 | I98: =G98+H98 -> 0 | J98: =TRUNC(E98*G98,2) -> 0 | K98: =TRUNC(E98*H98,2) -> 0 | L98: =TRUNC(J98+K98,2) -> 0
C99: 2.2.1.1.3 | D99: Reaterro mecanizado de vala com minicarregadeira, com compactador de solos de percussão. | E99: 146.12 | F99: m³ | G99: 0 | H99: 0 | I99: =G99+H99 -> 0 | J99: =TRUNC(E99*G99,2) -> 0 | K99: =TRUNC(E99*H99,2) -> 0 | L99: =TRUNC(J99+K99,2) -> 0
C100: 2.2.1.1.4 | D100: Compactação mecânica de solo para execução de radier, piso de concreto ou laje sobre solo, com compactador de solos a percussão. | E100: 73.49 | F100: m² | G100: 0 | H100: 0 | I100: =G100+H100 -> 0 | J100: =TRUNC(E100*G100,2) -> 0 | K100: =TRUNC(E100*H100,2) -> 0 | L100: =TRUNC(J100+K100,2) -> 0
C101: 2.2.1.1.5 | D101: Lastro de concreto magro, aplicado em blocos de coroamento ou sapatas, espessura de 5 cm. | E101: 73.49 | F101: m² | G101: 0 | H101: 0 | I101: =G101+H101 -> 0 | J101: =TRUNC(E101*G101,2) -> 0 | K101: =TRUNC(E101*H101,2) -> 0 | L101: =TRUNC(J101+K101,2) -> 0
C102: 2.2.1.1.6 | D102: Carga, manobra e descarga de solos e materiais granulares em caminhão basculante 10 m³ - carga com escavadeira hidráulica (caçamba de 1,20 m³ / 155 HP) e descarga livre (unidade: m3). | E102: 70.69 | F102: m³ | G102: 0 | H102: 0 | I102: =G102+H102 -> 0 | J102: =TRUNC(E102*G102,2) -> 0 | K102: =TRUNC(E102*H102,2) -> 0 | L102: =TRUNC(J102+K102,2) -> 0
C103: 2.2.1.1.7 | D103: Transporte com caminhão basculante de 10 m³, em via urbana pavimentada, DMT até 30 km (unidade: m3xkm). | E103: 2120.7 | F103: m³XKm | G103: 0 | H103: 0 | I103: =G103+H103 -> 0 | J103: =TRUNC(E103*G103,2) -> 0 | K103: =TRUNC(E103*H103,2) -> 0 | L103: =TRUNC(J103+K103,2) -> 0
C104: 2.2.1.2 | D104: Térreo - Sapatas
C105: 2.2.1.2.1 | D105: Fabricação, montagem e desmontagem de fôrma para sapata, em madeira serrada, e=25 mm, 4 utilizações. | E105: 58.2 | F105: m² | G105: 0 | H105: 0 | I105: =G105+H105 -> 0 | J105: =TRUNC(E105*G105,2) -> 0 | K105: =TRUNC(E105*H105,2) -> 0 | L105: =TRUNC(J105+K105,2) -> 0
C106: 2.2.1.2.2 | D106: Armação de sapata isolada, viga baldrame e sapata corrida utilizando aço ca-50 de 8 mm - montagem. | E106: 448.3 | F106: Kg | G106: 0 | H106: 0 | I106: =G106+H106 -> 0 | J106: =TRUNC(E106*G106,2) -> 0 | K106: =TRUNC(E106*H106,2) -> 0 | L106: =TRUNC(J106+K106,2) -> 0
C107: 2.2.1.2.3 | D107: Armação de sapata isolada, viga baldrame e sapata corrida utilizando aço ca-50 de 10 mm - montagem. | E107: 11.5 | F107: Kg | G107: 0 | H107: 0 | I107: =G107+H107 -> 0 | J107: =TRUNC(E107*G107,2) -> 0 | K107: =TRUNC(E107*H107,2) -> 0 | L107: =TRUNC(J107+K107,2) -> 0
C108: 2.2.1.2.4 | D108: Concretagem de sapata, fck 30 MPA, com uso de bomba - lançamento, adensamento e acabamento. | E108: 14.7 | F108: m³ | G108: 0 | H108: 0 | I108: =G108+H108 -> 0 | J108: =TRUNC(E108*G108,2) -> 0 | K108: =TRUNC(E108*H108,2) -> 0 | L108: =TRUNC(J108+K108,2) -> 0
C109: 2.2.1.3 | D109: Térreo - Pilares
C110: 2.2.1.3.1 | D110: Montagem e desmontagem de fôrma de pilares retangulares e estruturas similares, pé-direito simples, em madeira serrada, 4 utilizações. | E110: 74 | F110: m² | G110: 0 | H110: 0 | I110: =G110+H110 -> 0 | J110: =TRUNC(E110*G110,2) -> 0 | K110: =TRUNC(E110*H110,2) -> 0 | L110: =TRUNC(J110+K110,2) -> 0
C111: 2.2.1.3.2 | D111: Armação de pilar ou viga de estrutura convencional de concreto armado utilizando aço ca-60 de 5,0 mm - montagem. | E111: 229.7 | F111: Kg | G111: 0 | H111: 0 | I111: =G111+H111 -> 0 | J111: =TRUNC(E111*G111,2) -> 0 | K111: =TRUNC(E111*H111,2) -> 0 | L111: =TRUNC(J111+K111,2) -> 0
C112: 2.2.1.3.3 | D112: Armação de pilar ou viga de estrutura convencional de concreto armado utilizando aço ca-50 de 10,0 mm - montagem. | E112: 413.5 | F112: Kg | G112: 0 | H112: 0 | I112: =G112+H112 -> 0 | J112: =TRUNC(E112*G112,2) -> 0 | K112: =TRUNC(E112*H112,2) -> 0 | L112: =TRUNC(J112+K112,2) -> 0
C113: 2.2.1.3.4 | D113: Armação de pilar ou viga de estrutura convencional de concreto armado utilizando aço ca-50 de 16,0 mm - montagem. | E113: 58 | F113: Kg | G113: 0 | H113: 0 | I113: =G113+H113 -> 0 | J113: =TRUNC(E113*G113,2) -> 0 | K113: =TRUNC(E113*H113,2) -> 0 | L113: =TRUNC(J113+K113,2) -> 0
C114: 2.2.1.3.5 | D114: Concretagem de pilares, fck = 30 MPA, com uso de bomba em edificação com seção média de pilares menor ou igual a 0,25 m² - lançamento, adensamento e acabamento. | E114: 7 | F114: m³ | G114: 0 | H114: 0 | I114: =G114+H114 -> 0 | J114: =TRUNC(E114*G114,2) -> 0 | K114: =TRUNC(E114*H114,2) -> 0 | L114: =TRUNC(J114+K114,2) -> 0
C115: 2.2.1.4 | D115: Térreo - Vigas baldrame
C116: 2.2.1.4.1 | D116: Fabricação, montagem e desmontagem de fôrma para viga baldrame, em madeira serrada, e=25 mm, 4 utilizações. | E116: 501.5 | F116: m² | G116: 0 | H116: 0 | I116: =G116+H116 -> 0 | J116: =TRUNC(E116*G116,2) -> 0 | K116: =TRUNC(E116*H116,2) -> 0 | L116: =TRUNC(J116+K116,2) -> 0
C117: 2.2.1.4.2 | D117: Armação de sapata isolada, viga baldrame e sapata corrida utilizando aço ca-60 de 5 mm - montagem. | E117: 489.4 | F117: Kg | G117: 0 | H117: 0 | I117: =G117+H117 -> 0 | J117: =TRUNC(E117*G117,2) -> 0 | K117: =TRUNC(E117*H117,2) -> 0 | L117: =TRUNC(J117+K117,2) -> 0
C118: 2.2.1.4.3 | D118: Armação de sapata isolada, viga baldrame e sapata corrida utilizando aço ca-50 de 6,3 mm - montagem. | E118: 92.6 | F118: Kg | G118: 0 | H118: 0 | I118: =G118+H118 -> 0 | J118: =TRUNC(E118*G118,2) -> 0 | K118: =TRUNC(E118*H118,2) -> 0 | L118: =TRUNC(J118+K118,2) -> 0
C119: 2.2.1.4.4 | D119: Armação de sapata isolada, viga baldrame e sapata corrida utilizando aço ca-50 de 8 mm - montagem. | E119: 16.5 | F119: Kg | G119: 0 | H119: 0 | I119: =G119+H119 -> 0 | J119: =TRUNC(E119*G119,2) -> 0 | K119: =TRUNC(E119*H119,2) -> 0 | L119: =TRUNC(J119+K119,2) -> 0
C120: 2.2.1.4.5 | D120: Armação de sapata isolada, viga baldrame e sapata corrida utilizando aço ca-50 de 10 mm - montagem. | E120: 33.1 | F120: Kg | G120: 0 | H120: 0 | I120: =G120+H120 -> 0 | J120: =TRUNC(E120*G120,2) -> 0 | K120: =TRUNC(E120*H120,2) -> 0 | L120: =TRUNC(J120+K120,2) -> 0
C121: 2.2.1.4.6 | D121: Armação de bloco, sapata isolada, viga baldrame e sapata corrida utilizando aço ca-50 de 12,5 mm - montagem. | E121: 215.2 | F121: Kg | G121: 0 | H121: 0 | I121: =G121+H121 -> 0 | J121: =TRUNC(E121*G121,2) -> 0 | K121: =TRUNC(E121*H121,2) -> 0 | L121: =TRUNC(J121+K121,2) -> 0
C122: 2.2.1.4.7 | D122: Armação de bloco, sapata isolada, viga baldrame e sapata corrida utilizando aço ca-50 de 16 mm - montagem. | E122: 2733.9 | F122: Kg | G122: 0 | H122: 0 | I122: =G122+H122 -> 0 | J122: =TRUNC(E122*G122,2) -> 0 | K122: =TRUNC(E122*H122,2) -> 0 | L122: =TRUNC(J122+K122,2) -> 0
C123: 2.2.1.4.8 | D123: Concretagem de bloco de coroamento ou viga baldrame, fck 30 MPA, com uso de bomba - lançamento, adensamento e acabamento. | E123: 41.2 | F123: m³ | G123: 0 | H123: 0 | I123: =G123+H123 -> 0 | J123: =TRUNC(E123*G123,2) -> 0 | K123: =TRUNC(E123*H123,2) -> 0 | L123: =TRUNC(J123+K123,2) -> 0
C124: 2.2.1.5 | D124: Térreo - Lajes
...

Sheet Cronograma Físico Finaceiro
C2: OBSERVAÇÕES:
C3: 1 - As informações mínimas que deverão constar no Cronograma Físico Financeiro são: - Valor e percentual
C4: de material e mão de obra referente a cada parcela, valor total da parcela, valor de material por parcela,
C5: valor de mão de obra por parcela, percentual referente a cada parcela em relação ao custo da Obra.
C6: 2 - O Cronograma acima deverá ser apresentado utilizando papel timbrado da empresa;
C7: 3 - Os itens elencados acima são referentes a obra ora em licitação, e servirão de referências para cotação.
A9: CRONOGRAMA FÍSICO-FINANCEIRO | AB9: VERIFICAÇÃO
A10: UO: | B10: =Orçamentária!D17 -> Sesc Pousada Rural | I10: PARCELA | J10: 01 | M10: PARCELA | N10: 02 | Q10: PARCELA | R10: 03 | U10: PARCELA | V10: 04 | Y10: PARCELA | Z10: 05 | AB10: ACUMULADO | AD10: ACUMULADO | AF10: ACUMULADO
A11: Obra: | B11: =Orçamentária!D18 -> Reforma e Ampliação do Restaurante e revitalização do estacionamento frontal do SPR | G11: MÃO DE OBRA | I11: MATERIAL | K11: MÃO DE OBRA | M11: MATERIAL | O11: MÃO DE OBRA | Q11: MATERIAL | S11: MÃO DE OBRA | U11: MATERIAL | W11: MÃO DE OBRA | Y11: MATERIAL | AB11: MÃO DE OBRA | AD11: MATERIAL | AF11: TOTAL | AG11: SALDO
A12: ITEM | B12: DISCRIMINAÇÃO | C12: M.D.O. TOTAL (R$) | D12: MATER. TOTAL (R$) | E12: TOTAL ÍTEM (R$) | F12: % | G12: (R$) | H12: % | I12: (R$) | J12: % | K12: (R$) | L12: % | M12: (R$) | N12: % | O12: (R$) | P12: % | Q12: (R$) | R12: % | S12: (R$) | T12: % | U12: (R$) | V12: % | W12: (R$) | X12: % | Y12: (R$) | Z12: % | AB12: (R$) | AC12: % | AD12: (R$) | AE12: % | AF12: (R$) | AG12: (R$)
B13: OBRA
A14: 1 | B14: =VLOOKUP(A14,Orçamentária!$C$22:$L$1195,2,FALSE) -> SERVIÇOS INICIAIS E ADMINISTRAÇÃO | C14: =SUM(C15:C19) -> 0 | D14: =SUM(D15:D19) -> 0 | E14: =C14+D14 -> 0
A15: 1.1 | B15: =VLOOKUP(A15,Orçamentária!$C$22:$L$1195,2,FALSE) -> Despesas iniciais | C15: =Orçamentária!J27 -> 0 | D15: =Orçamentária!K27 -> 0 | E15: =C15+D15 -> 0 | F15: =+E15/(E$52+$E$67) -> #DIV/0! | G15: =+H15*$C$15 -> 0 | H15: 0 | I15: =+J15*$D$15 -> 0 | J15: =H15 -> 0 | K15: =+L15*$C$15 -> 0 | L15: 0 | M15: =+N15*$D$15 -> 0 | N15: =L15 -> 0 | O15: =+P15*$C$15 -> 0 | P15: 0 | Q15: =+R15*$D$15 -> 0 | R15: =P15 -> 0 | S15: =+T15*$C$15 -> 0 | T15: 0 | U15: =+V15*$D$15 -> 0 | V15: =T15 -> 0 | W15: =+X15*$C$15 -> 0 | X15: 0 | Y15: =+Z15*$D$15 -> 0 | Z15: =X15 -> 0 | AB15: =+#REF!+G15+K15+O15+S15+W15+#REF!+#REF!+#REF!+#REF! -> #REF! | AC15: =+#REF!+H15+L15+P15+T15+X15+#REF!+#REF!+#REF!+#REF! -> #REF! | AD15: =+#REF!+I15+M15+Q15+U15+Y15+#REF!+#REF!+#REF!+#REF! -> #REF! | AE15: =+#REF!+J15+N15+R15+V15+Z15+#REF!+#REF!+#REF!+#REF! -> #REF! | AF15: =AB15+AD15 -> #REF! | AG15: =E15-AF15 -> #REF!
A16: 1.2 | B16: =VLOOKUP(A16,Orçamentária!$C$22:$L$1195,2,FALSE) -> Administração local | C16: =Orçamentária!J35 -> 0 | D16: =Orçamentária!K35 -> 0 | E16: =C16+D16 -> 0 | F16: =+E16/(E$52+$E$67) -> #DIV/0! | G16: =+H16*$C$16 -> 0 | H16: 0 | I16: =+J16*$D$16 -> 0 | J16: =H16 -> 0 | K16: =+L16*$C$16 -> 0 | L16: 0 | M16: =+N16*$D$16 -> 0 | N16: =L16 -> 0 | O16: =+P16*$C$16 -> 0 | P16: 0 | Q16: =+R16*$D$16 -> 0 | R16: =P16 -> 0 | S16: =+T16*$C$16 -> 0 | T16: 0 | U16: =+V16*$D$16 -> 0 | V16: =T16 -> 0 | W16: =+X16*$C$16 -> 0 | X16: 0 | Y16: =+Z16*$D$16 -> 0 | Z16: =X16 -> 0 | AB16: =+#REF!+G16+K16+O16+S16+W16+#REF!+#REF!+#REF!+#REF! -> #REF! | AC16: =+#REF!+H16+L16+P16+T16+X16+#REF!+#REF!+#REF!+#REF! -> #REF! | AD16: =+#REF!+I16+M16+Q16+U16+Y16+#REF!+#REF!+#REF!+#REF! -> #REF! | AE16: =+#REF!+J16+N16+R16+V16+Z16+#REF!+#REF!+#REF!+#REF! -> #REF! | AF16: =AB16+AD16 -> #REF! | AG16: =E16-AF16 -> #REF!
A17: 1.3 | B17: =VLOOKUP(A17,Orçamentária!$C$22:$L$1195,2,FALSE) -> Canteiro de obras | C17: =Orçamentária!J44 -> 0 | D17: =Orçamentária!K44 -> 0 | E17: =C17+D17 -> 0 | F17: =+E17/(E$52+$E$67) -> #DIV/0! | G17: =+H17*$C$17 -> 0 | H17: 0 | I17: =+J17*$D$17 -> 0 | J17: =H17 -> 0 | K17: =+L17*$C$17 -> 0 | L17: 0 | M17: =+N17*$D$17 -> 0 | N17: =L17 -> 0 | O17: =+P17*$C$17 -> 0 | P17: 0 | Q17: =+R17*$D$17 -> 0 | R17: =P17 -> 0 | S17: =+T17*$C$17 -> 0 | T17: 0 | U17: =+V17*$D$17 -> 0 | V17: =T17 -> 0 | W17: =+X17*$C$17 -> 0 | X17: 0 | Y17: =+Z17*$D$17 -> 0 | Z17: =X17 -> 0 | AB17: =+#REF!+G17+K17+O17+S17+W17+#REF!+#REF!+#REF!+#REF! -> #REF! | AC17: =+#REF!+H17+L17+P17+T17+X17+#REF!+#REF!+#REF!+#REF! -> #REF! | AD17: =+#REF!+I17+M17+Q17+U17+Y17+#REF!+#REF!+#REF!+#REF! -> #REF! | AE17: =+#REF!+J17+N17+R17+V17+Z17+#REF!+#REF!+#REF!+#REF! -> #REF! | AF17: =AB17+AD17 -> #REF! | AG17: =E17-AF17 -> #REF!
A18: 1.4 | B18: =VLOOKUP(A18,Orçamentária!$C$22:$L$1195,2,FALSE) -> Projetos "AS BUILT" | C18: =Orçamentária!J52 -> 0 | D18: =Orçamentária!K52 -> 0 | E18: =C18+D18 -> 0 | F18: =+E18/(E$52+$E$67) -> #DIV/0! | G18: =+H18*$C$18 -> 0 | H18: 0 | I18: =+J18*$D$18 -> 0 | J18: =H18 -> 0 | K18: =+L18*$C$18 -> 0 | L18: 0 | M18: =+N18*$D$18 -> 0 | N18: =L18 -> 0 | O18: =+P18*$C$18 -> 0 | P18: 0 | Q18: =+R18*$D$18 -> 0 | R18: =P18 -> 0 | S18: =+T18*$C$18 -> 0 | T18: 0 | U18: =+V18*$D$18 -> 0 | V18: =T18 -> 0 | W18: =+X18*$C$18 -> 0 | X18: 0 | Y18: =+Z18*$D$18 -> 0 | Z18: =X18 -> 0 | AB18: =+#REF!+G18+K18+O18+S18+W18+#REF!+#REF!+#REF!+#REF! -> #REF! | AC18: =+#REF!+H18+L18+P18+T18+X18+#REF!+#REF!+#REF!+#REF! -> #REF! | AD18: =+#REF!+I18+M18+Q18+U18+Y18+#REF!+#REF!+#REF!+#REF! -> #REF! | AE18: =+#REF!+J18+N18+R18+V18+Z18+#REF!+#REF!+#REF!+#REF! -> #REF! | AF18: =AB18+AD18 -> #REF! | AG18: =E18-AF18 -> #REF!
A19: 1.5 | B19: =VLOOKUP(A19,Orçamentária!$C$22:$L$1195,2,FALSE) -> Despesas Correntes | C19: =Orçamentária!J59 -> 0 | D19: =Orçamentária!K59 -> 0 | E19: =C19+D19 -> 0 | F19: =+E19/(E$52+$E$67) -> #DIV/0! | G19: =+H19*$C$19 -> 0 | H19: 0 | I19: =+J19*$D$19 -> 0 | J19: =H19 -> 0 | K19: =+L19*$C$19 -> 0 | L19: 0 | M19: =+N19*$D$19 -> 0 | N19: =L19 -> 0 | O19: =+P19*$C$19 -> 0 | P19: 0 | Q19: =+R19*$D$19 -> 0 | R19: =P19 -> 0 | S19: =+T19*$C$19 -> 0 | T19: 0 | U19: =+V19*$D$19 -> 0 | V19: =T19 -> 0 | W19: =+X19*$C$19 -> 0 | X19: 0 | Y19: =+Z19*$D$19 -> 0 | Z19: =X19 -> 0 | AB19: =+#REF!+G19+K19+O19+S19+W19+#REF!+#REF!+#REF!+#REF! -> #REF! | AC19: =+#REF!+H19+L19+P19+T19+X19+#REF!+#REF!+#REF!+#REF! -> #REF! | AD19: =+#REF!+I19+M19+Q19+U19+Y19+#REF!+#REF!+#REF!+#REF! -> #REF! | AE19: =+#REF!+J19+N19+R19+V19+Z19+#REF!+#REF!+#REF!+#REF! -> #REF! | AF19: =AB19+AD19 -> #REF! | AG19: =E19-AF19 -> #REF!
A20: 2 | B20: =VLOOKUP(A20,Orçamentária!$C$22:$L$1195,2,FALSE) -> RESTAURANTE | C20: =SUM(C21:C43) -> 0 | D20: =SUM(D21:D43) -> 0 | E20: =SUM(E21:E43) -> 0
A21: 2.1 | B21: =VLOOKUP(A21,Orçamentária!$C$22:$L$1195,2,FALSE) -> DEMOLIÇÕES | C21: =Orçamentária!J92 -> 0 | D21: =Orçamentária!K92 -> 0 | E21: =C21+D21 -> 0 | F21: =+E21/(E$52+$E$67) -> #DIV/0! | G21: =+H21*$C$21 -> 0 | H21: 0 | I21: =+J21*$D$21 -> 0 | J21: =H21 -> 0 | K21: =+L21*$C$21 -> 0 | L21: 0 | M21: =+N21*$D$21 -> 0 | N21: =L21 -> 0 | O21: =+P21*$C$21 -> 0 | P21: 0 | Q21: =+R21*$D$21 -> 0 | R21: =P21 -> 0 | S21: =+T21*$C$21 -> 0 | T21: 0 | U21: =+V21*$D$21 -> 0 | V21: =T21 -> 0 | W21: =+X21*$C$21 -> 0 | X21: 0 | Y21: =+Z21*$D$21 -> 0 | Z21: =X21 -> 0 | AB21: =+#REF!+G21+K21+O21+S21+W21+#REF!+#REF!+#REF!+#REF! -> #REF! | AC21: =+#REF!+H21+L21+P21+T21+X21+#REF!+#REF!+#REF!+#REF! -> #REF! | AD21: =+#REF!+I21+M21+Q21+U21+Y21+#REF!+#REF!+#REF!+#REF! -> #REF! | AE21: =+#REF!+J21+N21+R21+V21+Z21+#REF!+#REF!+#REF!+#REF! -> #REF! | AF21: =AB21+AD21 -> #REF! | AG21: =E21-AF21 -> #REF!
A22: 2.2 | B22: =VLOOKUP(A22,Orçamentária!$C$22:$L$1195,2,FALSE) -> ESTRUTURA DE CONCRETO ARMADO | C22: =Orçamentária!J164 -> 0 | D22: =Orçamentária!K164 -> 0 | E22: =C22+D22 -> 0 | F22: =+E22/(E$52+$E$67) -> #DIV/0! | G22: =+H22*$C$22 -> 0 | H22: 0 | I22: =+J22*$D$22 -> 0 | J22: =H22 -> 0 | K22: =+L22*$C$22 -> 0 | L22: 0 | M22: =+N22*$D$22 -> 0 | N22: =L22 -> 0 | O22: =+P22*$C$22 -> 0 | P22: 0 | Q22: =+R22*$D$22 -> 0 | R22: =P22 -> 0 | S22: =+T22*$C$22 -> 0 | T22: 0 | U22: =+V22*$D$22 -> 0 | V22: =T22 -> 0 | W22: =+X22*$C$22 -> 0 | X22: 0 | Y22: =+Z22*$D$22 -> 0 | Z22: =X22 -> 0 | AB22: =+#REF!+G22+K22+O22+S22+W22+#REF!+#REF!+#REF!+#REF! -> #REF! | AC22: =+#REF!+H22+L22+P22+T22+X22+#REF!+#REF!+#REF!+#REF! -> #REF! | AD22: =+#REF!+I22+M22+Q22+U22+Y22+#REF!+#REF!+#REF!+#REF! -> #REF! | AE22: =+#REF!+J22+N22+R22+V22+Z22+#REF!+#REF!+#REF!+#REF! -> #REF! | AF22: =AB22+AD22 -> #REF! | AG22: =E22-AF22 -> #REF!
A23: 2.3 | B23: =VLOOKUP(A23,Orçamentária!$C$22:$L$1195,2,FALSE) -> ESTRUTURA METÁLICA | C23: =Orçamentária!J168 -> 0 | D23: =Orçamentária!K168 -> 0 | E23: =C23+D23 -> 0 | F23: =+E23/(E$52+$E$67) -> #DIV/0! | G23: =+H23*$C$23 -> 0 | H23: 0 | I23: =+J23*$D$23 -> 0 | J23: =H23 -> 0 | K23: =+L23*$C$23 -> 0 | L23: 0 | M23: =+N23*$D$23 -> 0 | N23: =L23 -> 0 | O23: =+P23*$C$23 -> 0 | P23: 0 | Q23: =+R23*$D$23 -> 0 | R23: =P23 -> 0 | S23: =+T23*$C$23 -> 0 | T23: 0 | U23: =+V23*$D$23 -> 0 | V23: =T23 -> 0 | W23: =+X23*$C$23 -> 0 | X23: 0 | Y23: =+Z23*$D$23 -> 0 | Z23: =X23 -> 0 | AB23: =+#REF!+G23+K23+O23+S23+W23+#REF!+#REF!+#REF!+#REF! -> #REF! | AC23: =+#REF!+H23+L23+P23+T23+X23+#REF!+#REF!+#REF!+#REF! -> #REF! | AD23: =+#REF!+I23+M23+Q23+U23+Y23+#REF!+#REF!+#REF!+#REF! -> #REF! | AE23: =+#REF!+J23+N23+R23+V23+Z23+#REF!+#REF!+#REF!+#REF! -> #REF! | AF23: =AB23+AD23 -> #REF! | AG23: =E23-AF23 -> #REF!
A24: 2.4 | B24: =VLOOKUP(A24,Orçamentária!$C$22:$L$1195,2,FALSE) -> IMPERMEABILIZAÇÕES E TRATAMENTO DE SUPERFÍCIES | C24: =Orçamentária!J188 -> 0 | D24: =Orçamentária!K188 -> 0 | E24: =C24+D24 -> 0 | F24: =+E24/(E$52+$E$67) -> #DIV/0! | G24: =+H24*$C$24 -> 0 | H24: 0 | I24: =+J24*$D$24 -> 0 | J24: =H24 -> 0 | K24: =+L24*$C$24 -> 0 | L24: 0 | M24: =+N24*$D$24 -> 0 | N24: =L24 -> 0 | O24: =+P24*$C$24 -> 0 | P24: 0 | Q24: =+R24*$D$24 -> 0 | R24: =P24 -> 0 | S24: =+T24*$C$24 -> 0 | T24: 0 | U24: =+V24*$D$24 -> 0 | V24: =T24 -> 0 | W24: =+X24*$C$24 -> 0 | X24: 0 | Y24: =+Z24*$D$24 -> 0 | Z24: =X24 -> 0 | AB24: =+#REF!+G24+K24+O24+S24+W24+#REF!+#REF!+#REF!+#REF! -> #REF! | AC24: =+#REF!+H24+L24+P24+T24+X24+#REF!+#REF!+#REF!+#REF! -> #REF! | AD24: =+#REF!+I24+M24+Q24+U24+Y24+#REF!+#REF!+#REF!+#REF! -> #REF! | AE24: =+#REF!+J24+N24+R24+V24+Z24+#REF!+#REF!+#REF!+#REF! -> #REF! | AF24: =AB24+AD24 -> #REF! | AG24: =E24-AF24 -> #REF!
A25: 2.5 | B25: =VLOOKUP(A25,Orçamentária!$C$22:$L$1195,2,FALSE) -> ALVENARIA, VEDAÇÕES E DIVISÓRIAS | C25: =Orçamentária!J200 -> 0 | D25: =Orçamentária!K200 -> 0 | E25: =C25+D25 -> 0 | F25: =+E25/(E$52+$E$67) -> #DIV/0! | G25: =+H25*$C$25 -> 0 | H25: 0 | I25: =+J25*$D$25 -> 0 | J25: =H25 -> 0 | K25: =+L25*$C$25 -> 0 | L25: 0 | M25: =+N25*$D$25 -> 0 | N25: =L25 -> 0 | O25: =+P25*$C$25 -> 0 | P25: 0 | Q25: =+R25*$D$25 -> 0 | R25: =P25 -> 0 | S25: =+T25*$C$25 -> 0 | T25: 0 | U25: =+V25*$D$25 -> 0 | V25: =T25 -> 0 | W25: =+X25*$C$25 -> 0 | X25: 0 | Y25: =+Z25*$D$25 -> 0 | Z25: =X25 -> 0 | AB25: =+#REF!+G25+K25+O25+S25+W25+#REF!+#REF!+#REF!+#REF! -> #REF! | AC25: =+#REF!+H25+L25+P25+T25+X25+#REF!+#REF!+#REF!+#REF! -> #REF! | AD25: =+#REF!+I25+M25+Q25+U25+Y25+#REF!+#REF!+#REF!+#REF! -> #REF! | AE25: =+#REF!+J25+N25+R25+V25+Z25+#REF!+#REF!+#REF!+#REF! -> #REF! | AF25: =AB25+AD25 -> #REF! | AG25: =E25-AF25 -> #REF!
A26: 2.6 | B26: =VLOOKUP(A26,Orçamentária!$C$22:$L$1195,2,FALSE) -> REVESTIMENTOS DE PAREDE | C26: =Orçamentária!J216 -> 0 | D26: =Orçamentária!K216 -> 0 | E26: =C26+D26 -> 0 | F26: =+E26/(E$52+$E$67) -> #DIV/0! | G26: =+H26*$C$26 -> 0 | H26: 0 | I26: =+J26*$D$26 -> 0 | J26: =H26 -> 0 | K26: =+L26*$C$26 -> 0 | L26: 0 | M26: =+N26*$D$26 -> 0 | N26: =L26 -> 0 | O26: =+P26*$C$26 -> 0 | P26: 0 | Q26: =+R26*$D$26 -> 0 | R26: =P26 -> 0 | S26: =+T26*$C$26 -> 0 | T26: 0 | U26: =+V26*$D$26 -> 0 | V26: =T26 -> 0 | W26: =+X26*$C$26 -> 0 | X26: 0 | Y26: =+Z26*$D$26 -> 0 | Z26: =X26 -> 0 | AB26: =+#REF!+G26+K26+O26+S26+W26+#REF!+#REF!+#REF!+#REF! -> #REF! | AC26: =+#REF!+H26+L26+P26+T26+X26+#REF!+#REF!+#REF!+#REF! -> #REF! | AD26: =+#REF!+I26+M26+Q26+U26+Y26+#REF!+#REF!+#REF!+#REF! -> #REF! | AE26: =+#REF!+J26+N26+R26+V26+Z26+#REF!+#REF!+#REF!+#REF! -> #REF! | AF26: =AB26+AD26 -> #REF! | AG26: =E26-AF26 -> #REF!
A27: 2.7 | B27: =VLOOKUP(A27,Orçamentária!$C$22:$L$1195,2,FALSE) -> PISOS | C27: =Orçamentária!J233 -> 0 | D27: =Orçamentária!K233 -> 0 | E27: =C27+D27 -> 0 | F27: =+E27/(E$52+$E$67) -> #DIV/0! | G27: =+H27*$C$27 -> 0 | H27: 0 | I27: =+J27*$D$27 -> 0 | J27: =H27 -> 0 | K27: =+L27*$C$27 -> 0 | L27: 0 | M27: =+N27*$D$27 -> 0 | N27: =L27 -> 0 | O27: =+P27*$C$27 -> 0 | P27: 0 | Q27: =+R27*$D$27 -> 0 | R27: =P27 -> 0 | S27: =+T27*$C$27 -> 0 | T27: 0 | U27: =+V27*$D$27 -> 0 | V27: =T27 -> 0 | W27: =+X27*$C$27 -> 0 | X27: 0 | Y27: =+Z27*$D$27 -> 0 | Z27: =X27 -> 0 | AB27: =+#REF!+G27+K27+O27+S27+W27+#REF!+#REF!+#REF!+#REF! -> #REF! | AC27: =+#REF!+H27+L27+P27+T27+X27+#REF!+#REF!+#REF!+#REF! -> #REF! | AD27: =+#REF!+I27+M27+Q27+U27+Y27+#REF!+#REF!+#REF!+#REF! -> #REF! | AE27: =+#REF!+J27+N27+R27+V27+Z27+#REF!+#REF!+#REF!+#REF! -> #REF! | AF27: =AB27+AD27 -> #REF! | AG27: =E27-AF27 -> #REF!
A28: 2.8 | B28: =VLOOKUP(A28,Orçamentária!$C$22:$L$1195,2,FALSE) -> PASSARELA | C28: =Orçamentária!J295 -> 0 | D28: =Orçamentária!K295 -> 0 | E28: =C28+D28 -> 0 | F28: =+E28/(E$52+$E$67) -> #DIV/0! | G28: =+H28*$C$28 -> 0 | H28: 0 | I28: =+J28*$D$28 -> 0 | J28: =H28 -> 0 | K28: =+L28*$C$28 -> 0 | L28: 0 | M28: =+N28*$D$28 -> 0 | N28: =L28 -> 0 | O28: =+P28*$C$28 -> 0 | P28: 0 | Q28: =+R28*$D$28 -> 0 | R28: =P28 -> 0 | S28: =+T28*$C$28 -> 0 | T28: 0 | U28: =+V28*$D$28 -> 0 | V28: =T28 -> 0 | W28: =+X28*$C$28 -> 0 | X28: 0 | Y28: =+Z28*$D$28 -> 0 | Z28: =X28 -> 0 | AB28: =+#REF!+G28+K28+O28+S28+W28+#REF!+#REF!+#REF!+#REF! -> #REF! | AC28: =+#REF!+H28+L28+P28+T28+X28+#REF!+#REF!+#REF!+#REF! -> #REF! | AD28: =+#REF!+I28+M28+Q28+U28+Y28+#REF!+#REF!+#REF!+#REF! -> #REF! | AE28: =+#REF!+J28+N28+R28+V28+Z28+#REF!+#REF!+#REF!+#REF! -> #REF! | AF28: =AB28+AD28 -> #REF! | AG28: =E28-AF28 -> #REF!
A29: 2.9 | B29: =VLOOKUP(A29,Orçamentária!$C$22:$L$1195,2,FALSE) -> REVESTIMENTO DE TETO | C29: =Orçamentária!J304 -> 0 | D29: =Orçamentária!K304 -> 0 | E29: =C29+D29 -> 0 | F29: =+E29/(E$52+$E$67) -> #DIV/0! | G29: =+H29*$C$29 -> 0 | H29: 0 | I29: =+J29*$D$29 -> 0 | J29: =H29 -> 0 | K29: =+L29*$C$29 -> 0 | L29: 0 | M29: =+N29*$D$29 -> 0 | N29: =L29 -> 0 | O29: =+P29*$C$29 -> 0 | P29: 0 | Q29: =+R29*$D$29 -> 0 | R29: =P29 -> 0 | S29: =+T29*$C$29 -> 0 | T29: 0 | U29: =+V29*$D$29 -> 0 | V29: =T29 -> 0 | W29: =+X29*$C$29 -> 0 | X29: 0 | Y29: =+Z29*$D$29 -> 0 | Z29: =X29 -> 0 | AB29: =+#REF!+G29+K29+O29+S29+W29+#REF!+#REF!+#REF!+#REF! -> #REF! | AC29: =+#REF!+H29+L29+P29+T29+X29+#REF!+#REF!+#REF!+#REF! -> #REF! | AD29: =+#REF!+I29+M29+Q29+U29+Y29+#REF!+#REF!+#REF!+#REF! -> #REF! | AE29: =+#REF!+J29+N29+R29+V29+Z29+#REF!+#REF!+#REF!+#REF! -> #REF! | AF29: =AB29+AD29 -> #REF! | AG29: =E29-AF29 -> #REF!
A30: 2.10 | B30: =VLOOKUP(A30,Orçamentária!$C$22:$L$1195,2,FALSE) -> ACESSIBILIDADE | C30: =Orçamentária!J313 -> 0 | D30: =Orçamentária!K313 -> 0 | E30: =C30+D30 -> 0 | F30: =+E30/(E$52+$E$67) -> #DIV/0! | G30: =+H30*$C$30 -> 0 | H30: 0 | I30: =+J30*$D$30 -> 0 | J30: =H30 -> 0 | K30: =+L30*$C$30 -> 0 | L30: 0 | M30: =+N30*$D$30 -> 0 | N30: =L30 -> 0 | O30: =+P30*$C$30 -> 0 | P30: 0 | Q30: =+R30*$D$30 -> 0 | R30: =P30 -> 0 | S30: =+T30*$C$30 -> 0 | T30: 0 | U30: =+V30*$D$30 -> 0 | V30: =T30 -> 0 | W30: =+X30*$C$30 -> 0 | X30: 0 | Y30: =+Z30*$D$30 -> 0 | Z30: =X30 -> 0 | AB30: =+#REF!+G30+K30+O30+S30+W30+#REF!+#REF!+#REF!+#REF! -> #REF! | AC30: =+#REF!+H30+L30+P30+T30+X30+#REF!+#REF!+#REF!+#REF! -> #REF! | AD30: =+#REF!+I30+M30+Q30+U30+Y30+#REF!+#REF!+#REF!+#REF! -> #REF! | AE30: =+#REF!+J30+N30+R30+V30+Z30+#REF!+#REF!+#REF!+#REF! -> #REF! | AF30: =AB30+AD30 -> #REF! | AG30: =E30-AF30 -> #REF!
A31: 2.11 | B31: =VLOOKUP(A31,Orçamentária!$C$22:$L$1195,2,FALSE) -> COBERTURA | C31: =Orçamentária!J325 -> 0 | D31: =Orçamentária!K325 -> 0 | E31: =C31+D31 -> 0 | F31: =+E31/(E$52+$E$67) -> #DIV/0! | G31: =+H31*$C$31 -> 0 | H31: 0 | I31: =+J31*$D$31 -> 0 | J31: =H31 -> 0 | K31: =+L31*$C$31 -> 0 | L31: 0 | M31: =+N31*$D$31 -> 0 | N31: =L31 -> 0 | O31: =+P31*$C$31 -> 0 | P31: 0 | Q31: =+R31*$D$31 -> 0 | R31: =P31 -> 0 | S31: =+T31*$C$31 -> 0 | T31: 0 | U31: =+V31*$D$31 -> 0 | V31: =T31 -> 0 | W31: =+X31*$C$31 -> 0 | X31: 0 | Y31: =+Z31*$D$31 -> 0 | Z31: =X31 -> 0 | AB31: =+#REF!+G31+K31+O31+S31+W31+#REF!+#REF!+#REF!+#REF! -> #REF! | AC31: =+#REF!+H31+L31+P31+T31+X31+#REF!+#REF!+#REF!+#REF! -> #REF! | AD31: =+#REF!+I31+M31+Q31+U31+Y31+#REF!+#REF!+#REF!+#REF! -> #REF! | AE31: =+#REF!+J31+N31+R31+V31+Z31+#REF!+#REF!+#REF!+#REF! -> #REF! | AF31: =AB31+AD31 -> #REF! | AG31: =E31-AF31 -> #REF!
A32: 2.12 | B32: =VLOOKUP(A32,Orçamentária!$C$22:$L$1195,2,FALSE) -> FOTOVOLTAICO | C32: =Orçamentária!J330 -> 0 | D32: =Orçamentária!K330 -> 0 | E32: =C32+D32 -> 0 | F32: =+E32/(E$52+$E$67) -> #DIV/0! | G32: =+H32*$C$32 -> 0 | H32: 0 | I32: =+J32*$D$32 -> 0 | J32: =H32 -> 0 | K32: =+L32*$C$32 -> 0 | L32: 0 | M32: =+N32*$D$32 -> 0 | N32: =L32 -> 0 | O32: =+P32*$C$32 -> 0 | P32: 0 | Q32: =+R32*$D$32 -> 0 | R32: =P32 -> 0 | S32: =+T32*$C$32 -> 0 | T32: 0 | U32: =+V32*$D$32 -> 0 | V32: =T32 -> 0 | W32: =+X32*$C$32 -> 0 | X32: 0 | Y32: =+Z32*$D$32 -> 0 | Z32: =X32 -> 0 | AB32: =+#REF!+G32+K32+O32+S32+W32+#REF!+#REF!+#REF!+#REF! -> #REF! | AC32: =+#REF!+H32+L32+P32+T32+X32+#REF!+#REF!+#REF!+#REF! -> #REF! | AD32: =+#REF!+I32+M32+Q32+U32+Y32+#REF!+#REF!+#REF!+#REF! -> #REF! | AE32: =+#REF!+J32+N32+R32+V32+Z32+#REF!+#REF!+#REF!+#REF! -> #REF! | AF32: =AB32+AD32 -> #REF! | AG32: =E32-AF32 -> #REF!
A33: 2.13 | B33: =VLOOKUP(A33,Orçamentária!$C$22:$L$1195,2,FALSE) -> ESQUADRIAS | C33: =Orçamentária!J357 -> 0 | D33: =Orçamentária!K357 -> 0 | E33: =C33+D33 -> 0 | F33: =+E33/(E$52+$E$67) -> #DIV/0! | G33: =+H33*$C$33 -> 0 | H33: 0 | I33: =+J33*$D$33 -> 0 | J33: =H33 -> 0 | K33: =+L33*$C$33 -> 0 | L33: 0 | M33: =+N33*$D$33 -> 0 | N33: =L33 -> 0 | O33: =+P33*$C$33 -> 0 | P33: 0 | Q33: =+R33*$D$33 -> 0 | R33: =P33 -> 0 | S33: =+T33*$C$33 -> 0 | T33: 0 | U33: =+V33*$D$33 -> 0 | V33: =T33 -> 0 | W33: =+X33*$C$33 -> 0 | X33: 0 | Y33: =+Z33*$D$33 -> 0 | Z33: =X33 -> 0 | AB33: =+#REF!+G33+K33+O33+S33+W33+#REF!+#REF!+#REF!+#REF! -> #REF! | AC33: =+#REF!+H33+L33+P33+T33+X33+#REF!+#REF!+#REF!+#REF! -> #REF! | AD33: =+#REF!+I33+M33+Q33+U33+Y33+#REF!+#REF!+#REF!+#REF! -> #REF! | AE33: =+#REF!+J33+N33+R33+V33+Z33+#REF!+#REF!+#REF!+#REF! -> #REF! | AF33: =AB33+AD33 -> #REF! | AG33: =E33-AF33 -> #REF!
A34: 2.14 | B34: =VLOOKUP(A34,Orçamentária!$C$22:$L$1195,2,FALSE) -> INSTALAÇÕES DE CLIMATIZAÇÃO | C34: =Orçamentária!J438 -> 0 | D34: =Orçamentária!K438 -> 0 | E34: =C34+D34 -> 0 | F34: =+E34/(E$52+$E$67) -> #DIV/0! | G34: =+H34*$C$34 -> 0 | H34: 0 | I34: =+J34*$D$34 -> 0 | J34: =H34 -> 0 | K34: =+L34*$C$34 -> 0 | L34: 0 | M34: =+N34*$D$34 -> 0 | N34: =L34 -> 0 | O34: =+P34*$C$34 -> 0 | P34: 0 | Q34: =+R34*$D$34 -> 0 | R34: =P34 -> 0 | S34: =+T34*$C$34 -> 0 | T34: 0 | U34: =+V34*$D$34 -> 0 | V34: =T34 -> 0 | W34: =+X34*$C$34 -> 0 | X34: 0 | Y34: =+Z34*$D$34 -> 0 | Z34: =X34 -> 0 | AB34: =+#REF!+G34+K34+O34+S34+W34+#REF!+#REF!+#REF!+#REF! -> #REF! | AC34: =+#REF!+H34+L34+P34+T34+X34+#REF!+#REF!+#REF!+#REF! -> #REF! | AD34: =+#REF!+I34+M34+Q34+U34+Y34+#REF!+#REF!+#REF!+#REF! -> #REF! | AE34: =+#REF!+J34+N34+R34+V34+Z34+#REF!+#REF!+#REF!+#REF! -> #REF! | AF34: =AB34+AD34 -> #REF! | AG34: =E34-AF34 -> #REF!
A35: 2.15 | B35: =VLOOKUP(A35,Orçamentária!$C$22:$L$1195,2,FALSE) -> PINTURAS | C35: =Orçamentária!J468 -> 0 | D35: =Orçamentária!K468 -> 0 | E35: =C35+D35 -> 0 | F35: =+E35/(E$52+$E$67) -> #DIV/0! | G35: =+H35*$C$35 -> 0 | H35: 0 | I35: =+J35*$D$35 -> 0 | J35: =H35 -> 0 | K35: =+L35*$C$35 -> 0 | L35: 0 | M35: =+N35*$D$35 -> 0 | N35: =L35 -> 0 | O35: =+P35*$C$35 -> 0 | P35: 0 | Q35: =+R35*$D$35 -> 0 | R35: =P35 -> 0 | S35: =+T35*$C$35 -> 0 | T35: 0 | U35: =+V35*$D$35 -> 0 | V35: =T35 -> 0 | W35: =+X35*$C$35 -> 0 | X35: 0 | Y35: =+Z35*$D$35 -> 0 | Z35: =X35 -> 0 | AB35: =+#REF!+G35+K35+O35+S35+W35+#REF!+#REF!+#REF!+#REF! -> #REF! | AC35: =+#REF!+H35+L35+P35+T35+X35+#REF!+#REF!+#REF!+#REF! -> #REF! | AD35: =+#REF!+I35+M35+Q35+U35+Y35+#REF!+#REF!+#REF!+#REF! -> #REF! | AE35: =+#REF!+J35+N35+R35+V35+Z35+#REF!+#REF!+#REF!+#REF! -> #REF! | AF35: =AB35+AD35 -> #REF! | AG35: =E35-AF35 -> #REF!
A36: 2.16 | B36: =VLOOKUP(A36,Orçamentária!$C$22:$L$1195,2,FALSE) -> INSTALAÇÕES PREVENTIVAS CONTRA INCÊNDIO | C36: =Orçamentária!J526 -> 0 | D36: =Orçamentária!K526 -> 0 | E36: =C36+D36 -> 0 | F36: =+E36/(E$52+$E$67) -> #DIV/0! | G36: =+H36*$C$36 -> 0 | H36: 0 | I36: =+J36*$D$36 -> 0 | J36: =H36 -> 0 | K36: =+L36*$C$36 -> 0 | L36: 0 | M36: =+N36*$D$36 -> 0 | N36: =L36 -> 0 | O36: =+P36*$C$36 -> 0 | P36: 0 | Q36: =+R36*$D$36 -> 0 | R36: =P36 -> 0 | S36: =+T36*$C$36 -> 0 | T36: 0 | U36: =+V36*$D$36 -> 0 | V36: =T36 -> 0 | W36: =+X36*$C$36 -> 0 | X36: 0 | Y36: =+Z36*$D$36 -> 0 | Z36: =X36 -> 0 | AB36: =+#REF!+G36+K36+O36+S36+W36+#REF!+#REF!+#REF!+#REF! -> #REF! | AC36: =+#REF!+H36+L36+P36+T36+X36+#REF!+#REF!+#REF!+#REF! -> #REF! | AD36: =+#REF!+I36+M36+Q36+U36+Y36+#REF!+#REF!+#REF!+#REF! -> #REF! | AE36: =+#REF!+J36+N36+R36+V36+Z36+#REF!+#REF!+#REF!+#REF! -> #REF! | AF36: =AB36+AD36 -> #REF! | AG36: =E36-AF36 -> #REF!
A37: 2.17 | B37: =VLOOKUP(A37,Orçamentária!$C$22:$L$1195,2,FALSE) -> LOUÇAS, METAIS E ACESSÓRIOS | C37: =Orçamentária!J568 -> 0 | D37: =Orçamentária!K568 -> 0 | E37: =C37+D37 -> 0 | F37: =+E37/(E$52+$E$67) -> #DIV/0! | G37: =+H37*$C$37 -> 0 | H37: 0 | I37: =+J37*$D$37 -> 0 | J37: =H37 -> 0 | K37: =+L37*$C$37 -> 0 | L37: 0 | M37: =+N37*$D$37 -> 0 | N37: =L37 -> 0 | O37: =+P37*$C$37 -> 0 | P37: 0 | Q37: =+R37*$D$37 -> 0 | R37: =P37 -> 0 | S37: =+T37*$C$37 -> 0 | T37: 0 | U37: =+V37*$D$37 -> 0 | V37: =T37 -> 0 | W37: =+X37*$C$37 -> 0 | X37: 0 | Y37: =+Z37*$D$37 -> 0 | Z37: =X37 -> 0 | AB37: =+#REF!+G37+K37+O37+S37+W37+#REF!+#REF!+#REF!+#REF! -> #REF! | AC37: =+#REF!+H37+L37+P37+T37+X37+#REF!+#REF!+#REF!+#REF! -> #REF! | AD37: =+#REF!+I37+M37+Q37+U37+Y37+#REF!+#REF!+#REF!+#REF! -> #REF! | AE37: =+#REF!+J37+N37+R37+V37+Z37+#REF!+#REF!+#REF!+#REF! -> #REF! | AF37: =AB37+AD37 -> #REF! | AG37: =E37-AF37 -> #REF!
A38: 2.18 | B38: =VLOOKUP(A38,Orçamentária!$C$22:$L$1195,2,FALSE) -> INSTALAÇÕES DE CABEAMENTO ESTRUTURADO | C38: =Orçamentária!J643 -> 0 | D38: =Orçamentária!K643 -> 0 | E38: =C38+D38 -> 0 | F38: =+E38/(E$52+$E$67) -> #DIV/0! | G38: =+H38*$C$38 -> 0 | H38: 0 | I38: =+J38*$D$38 -> 0 | J38: =H38 -> 0 | K38: =+L38*$C$38 -> 0 | L38: 0 | M38: =+N38*$D$38 -> 0 | N38: =L38 -> 0 | O38: =+P38*$C$38 -> 0 | P38: 0 | Q38: =+R38*$D$38 -> 0 | R38: =P38 -> 0 | S38: =+T38*$C$38 -> 0 | T38: 0 | U38: =+V38*$D$38 -> 0 | V38: =T38 -> 0 | W38: =+X38*$C$38 -> 0 | X38: 0 | Y38: =+Z38*$D$38 -> 0 | Z38: =X38 -> 0 | AB38: =+#REF!+G38+K38+O38+S38+W38+#REF!+#REF!+#REF!+#REF! -> #REF! | AC38: =+#REF!+H38+L38+P38+T38+X38+#REF!+#REF!+#REF!+#REF! -> #REF! | AD38: =+#REF!+I38+M38+Q38+U38+Y38+#REF!+#REF!+#REF!+#REF! -> #REF! | AE38: =+#REF!+J38+N38+R38+V38+Z38+#REF!+#REF!+#REF!+#REF! -> #REF! | AF38: =AB38+AD38 -> #REF! | AG38: =E38-AF38 -> #REF!
A39: 2.19 | B39: =VLOOKUP(A39,Orçamentária!$C$22:$L$1195,2,FALSE) -> RODAPÉS, SOLEIRAS E PEITORIS | C39: =Orçamentária!J654 -> 0 | D39: =Orçamentária!K654 -> 0 | E39: =C39+D39 -> 0 | F39: =+E39/(E$52+$E$67) -> #DIV/0! | G39: =+H39*$C$39 -> 0 | H39: 0 | I39: =+J39*$D$39 -> 0 | J39: =H39 -> 0 | K39: =+L39*$C$39 -> 0 | L39: 0 | M39: =+N39*$D$39 -> 0 | N39: =L39 -> 0 | O39: =+P39*$C$39 -> 0 | P39: 0 | Q39: =+R39*$D$39 -> 0 | R39: =P39 -> 0 | S39: =+T39*$C$39 -> 0 | T39: 0 | U39: =+V39*$D$39 -> 0 | V39: =T39 -> 0 | W39: =+X39*$C$39 -> 0 | X39: 0 | Y39: =+Z39*$D$39 -> 0 | Z39: =X39 -> 0 | AB39: =+#REF!+G39+K39+O39+S39+W39+#REF!+#REF!+#REF!+#REF! -> #REF! | AC39: =+#REF!+H39+L39+P39+T39+X39+#REF!+#REF!+#REF!+#REF! -> #REF! | AD39: =+#REF!+I39+M39+Q39+U39+Y39+#REF!+#REF!+#REF!+#REF! -> #REF! | AE39: =+#REF!+J39+N39+R39+V39+Z39+#REF!+#REF!+#REF!+#REF! -> #REF! | AF39: =AB39+AD39 -> #REF! | AG39: =E39-AF39 -> #REF!
A40: 2.20 | B40: =VLOOKUP(A40,Orçamentária!$C$22:$L$1195,2,FALSE) -> INSTALAÇÕES ELÉTRICAS | C40: =Orçamentária!J816 -> 0 | D40: =Orçamentária!K816 -> 0 | E40: =C40+D40 -> 0 | F40: =+E40/(E$52+$E$67) -> #DIV/0! | G40: =+H40*$C$40 -> 0 | H40: 0 | I40: =+J40*$D$40 -> 0 | J40: =H40 -> 0 | K40: =+L40*$C$40 -> 0 | L40: 0 | M40: =+N40*$D$40 -> 0 | N40: =L40 -> 0 | O40: =+P40*$C$40 -> 0 | P40: 0 | Q40: =+R40*$D$40 -> 0 | R40: =P40 -> 0 | S40: =+T40*$C$40 -> 0 | T40: 0 | U40: =+V40*$D$40 -> 0 | V40: =T40 -> 0 | W40: =+X40*$C$40 -> 0 | X40: 0 | Y40: =+Z40*$D$40 -> 0 | Z40: =X40 -> 0 | AB40: =+#REF!+G40+K40+O40+S40+W40+#REF!+#REF!+#REF!+#REF! -> #REF! | AC40: =+#REF!+H40+L40+P40+T40+X40+#REF!+#REF!+#REF!+#REF! -> #REF! | AD40: =+#REF!+I40+M40+Q40+U40+Y40+#REF!+#REF!+#REF!+#REF! -> #REF! | AE40: =+#REF!+J40+N40+R40+V40+Z40+#REF!+#REF!+#REF!+#REF! -> #REF! | AF40: =AB40+AD40 -> #REF! | AG40: =E40-AF40 -> #REF!
A41: 2.21 | B41: =VLOOKUP(A41,Orçamentária!$C$22:$L$1195,2,FALSE) -> SERRALHERIA | C41: =Orçamentária!J825 -> 0 | D41: =Orçamentária!K825 -> 0 | E41: =C41+D41 -> 0 | F41: =+E41/(E$52+$E$67) -> #DIV/0! | G41: =+H41*$C$41 -> 0 | H41: 0 | I41: =+J41*$D$41 -> 0 | J41: =H41 -> 0 | K41: =+L41*$C$41 -> 0 | L41: 0 | M41: =+N41*$D$41 -> 0 | N41: =L41 -> 0 | O41: =+P41*$C$41 -> 0 | P41: 0 | Q41: =+R41*$D$41 -> 0 | R41: =P41 -> 0 | S41: =+T41*$C$41 -> 0 | T41: 0 | U41: =+V41*$D$41 -> 0 | V41: =T41 -> 0 | W41: =+X41*$C$41 -> 0 | X41: 0 | Y41: =+Z41*$D$41 -> 0 | Z41: =X41 -> 0 | AB41: =+#REF!+G41+K41+O41+S41+W41+#REF!+#REF!+#REF!+#REF! -> #REF! | AC41: =+#REF!+H41+L41+P41+T41+X41+#REF!+#REF!+#REF!+#REF! -> #REF! | AD41: =+#REF!+I41+M41+Q41+U41+Y41+#REF!+#REF!+#REF!+#REF! -> #REF! | AE41: =+#REF!+J41+N41+R41+V41+Z41+#REF!+#REF!+#REF!+#REF! -> #REF! | AF41: =AB41+AD41 -> #REF! | AG41: =E41-AF41 -> #REF!
A42: 2.22 | B42: =VLOOKUP(A42,Orçamentária!$C$22:$L$1195,2,FALSE) -> INSTALAÇÕES HIDROSSANITÁRIAS | C42: =Orçamentária!J1021 -> 0 | D42: =Orçamentária!K1021 -> 0 | E42: =C42+D42 -> 0 | F42: =+E42/(E$52+$E$67) -> #DIV/0! | G42: =+H42*$C$42 -> 0 | H42: 0 | I42: =+J42*$D$42 -> 0 | J42: =H42 -> 0 | K42: =+L42*$C$42 -> 0 | L42: 0 | M42: =+N42*$D$42 -> 0 | N42: =L42 -> 0 | O42: =+P42*$C$42 -> 0 | P42: 0 | Q42: =+R42*$D$42 -> 0 | R42: =P42 -> 0 | S42: =+T42*$C$42 -> 0 | T42: 0 | U42: =+V42*$D$42 -> 0 | V42: =T42 -> 0 | W42: =+X42*$C$42 -> 0 | X42: 0 | Y42: =+Z42*$D$42 -> 0 | Z42: =X42 -> 0 | AB42: =+#REF!+G42+K42+O42+S42+W42+#REF!+#REF!+#REF!+#REF! -> #REF! | AC42: =+#REF!+H42+L42+P42+T42+X42+#REF!+#REF!+#REF!+#REF! -> #REF! | AD42: =+#REF!+I42+M42+Q42+U42+Y42+#REF!+#REF!+#REF!+#REF! -> #REF! | AE42: =+#REF!+J42+N42+R42+V42+Z42+#REF!+#REF!+#REF!+#REF! -> #REF! | AF42: =AB42+AD42 -> #REF! | AG42: =E42-AF42 -> #REF!
A43: 2.23 | B43: =VLOOKUP(A43,Orçamentária!$C$22:$L$1195,2,FALSE) -> COMPLEMENTAÇÃO DA OBRA | C43: =Orçamentária!J1036 -> 0 | D43: =Orçamentária!K1036 -> 0 | E43: =C43+D43 -> 0 | F43: =+E43/(E$52+$E$67) -> #DIV/0! | G43: =+H43*$C$43 -> 0 | H43: 0 | I43: =+J43*$D$43 -> 0 | J43: =H43 -> 0 | K43: =+L43*$C$43 -> 0 | L43: 0 | M43: =+N43*$D$43 -> 0 | N43: =L43 -> 0 | O43: =+P43*$C$43 -> 0 | P43: 0 | Q43: =+R43*$D$43 -> 0 | R43: =P43 -> 0 | S43: =+T43*$C$43 -> 0 | T43: 0 | U43: =+V43*$D$43 -> 0 | V43: =T43 -> 0 | W43: =+X43*$C$43 -> 0 | X43: 0 | Y43: =+Z43*$D$43 -> 0 | Z43: =X43 -> 0 | AB43: =+#REF!+G43+K43+O43+S43+W43+#REF!+#REF!+#REF!+#REF! -> #REF! | AC43: =+#REF!+H43+L43+P43+T43+X43+#REF!+#REF!+#REF!+#REF! -> #REF! | AD43: =+#REF!+I43+M43+Q43+U43+Y43+#REF!+#REF!+#REF!+#REF! -> #REF! | AE43: =+#REF!+J43+N43+R43+V43+Z43+#REF!+#REF!+#REF!+#REF! -> #REF! | AF43: =AB43+AD43 -> #REF! | AG43: =E43-AF43 -> #REF!
A44: 3 | B44: =VLOOKUP(A44,Orçamentária!$C$22:$L$1195,2,FALSE) -> ESTACIONAMENTO | C44: =SUM(C45:C50) -> 0 | D44: =SUM(D45:D50) -> 0 | E44: =SUM(E45:E50) -> 0
A45: 3.1 | B45: =VLOOKUP(A45,Orçamentária!$C$22:$L$1195,2,FALSE) -> SERVIÇOS INICIAIS E ADMINISTRAÇÃO | C45: =Orçamentária!J1050 -> 0 | D45: =Orçamentária!K1050 -> 0 | E45: =C45+D45 -> 0 | F45: =+E45/(E$52+$E$67) -> #DIV/0! | G45: =+H45*$C$45 -> 0 | H45: 0 | I45: =+J45*$D$45 -> 0 | J45: =H45 -> 0 | K45: =+L45*$C$45 -> 0 | L45: 0 | M45: =+N45*$D$45 -> 0 | N45: =L45 -> 0 | O45: =+P45*$C$45 -> 0 | P45: 0 | Q45: =+R45*$D$45 -> 0 | R45: =P45 -> 0 | S45: =+T45*$C$45 -> 0 | T45: 0 | U45: =+V45*$D$45 -> 0 | V45: =T45 -> 0 | W45: =+X45*$C$45 -> 0 | X45: 0 | Y45: =+Z45*$D$45 -> 0 | Z45: =X45 -> 0 | AB45: =+#REF!+G45+K45+O45+S45+W45+#REF!+#REF!+#REF!+#REF! -> #REF! | AC45: =+#REF!+H45+L45+P45+T45+X45+#REF!+#REF!+#REF!+#REF! -> #REF! | AD45: =+#REF!+I45+M45+Q45+U45+Y45+#REF!+#REF!+#REF!+#REF! -> #REF! | AE45: =+#REF!+J45+N45+R45+V45+Z45+#REF!+#REF!+#REF!+#REF! -> #REF! | AF45: =AB45+AD45 -> #REF! | AG45: =E45-AF45 -> #REF!
A46: 3.2 | B46: =VLOOKUP(A46,Orçamentária!$C$22:$L$1195,2,FALSE) -> DEMOLIÇÕES / REMOÇÕES / TRANSPORTE | C46: =Orçamentária!J1059 -> 0 | D46: =Orçamentária!K1059 -> 0 | E46: =C46+D46 -> 0 | F46: =+E46/(E$52+$E$67) -> #DIV/0! | G46: =+H46*$C$46 -> 0 | H46: 0 | I46: =+J46*$D$46 -> 0 | J46: =H46 -> 0 | K46: =+L46*$C$46 -> 0 | L46: 0 | M46: =+N46*$D$46 -> 0 | N46: =L46 -> 0 | O46: =+P46*$C$46 -> 0 | P46: 0 | Q46: =+R46*$D$46 -> 0 | R46: =P46 -> 0 | S46: =+T46*$C$46 -> 0 | T46: 0 | U46: =+V46*$D$46 -> 0 | V46: =T46 -> 0 | W46: =+X46*$C$46 -> 0 | X46: 0 | Y46: =+Z46*$D$46 -> 0 | Z46: =X46 -> 0 | AB46: =+#REF!+G46+K46+O46+S46+W46+#REF!+#REF!+#REF!+#REF! -> #REF! | AC46: =+#REF!+H46+L46+P46+T46+X46+#REF!+#REF!+#REF!+#REF! -> #REF! | AD46: =+#REF!+I46+M46+Q46+U46+Y46+#REF!+#REF!+#REF!+#REF! -> #REF! | AE46: =+#REF!+J46+N46+R46+V46+Z46+#REF!+#REF!+#REF!+#REF! -> #REF! | AF46: =AB46+AD46 -> #REF! | AG46: =E46-AF46 -> #REF!
A47: 3.3 | B47: =VLOOKUP(A47,Orçamentária!$C$22:$L$1195,2,FALSE) -> PAISAGISMO | C47: =Orçamentária!J1064 -> 0 | D47: =Orçamentária!K1064 -> 0 | E47: =C47+D47 -> 0 | F47: =+E47/(E$52+$E$67) -> #DIV/0! | G47: =+H47*$C$47 -> 0 | H47: 0 | I47: =+J47*$D$47 -> 0 | J47: =H47 -> 0 | K47: =+L47*$C$47 -> 0 | L47: 0 | M47: =+N47*$D$47 -> 0 | N47: =L47 -> 0 | O47: =+P47*$C$47 -> 0 | P47: 0 | Q47: =+R47*$D$47 -> 0 | R47: =P47 -> 0 | S47: =+T47*$C$47 -> 0 | T47: 0 | U47: =+V47*$D$47 -> 0 | V47: =T47 -> 0 | W47: =+X47*$C$47 -> 0 | X47: 0 | Y47: =+Z47*$D$47 -> 0 | Z47: =X47 -> 0 | AB47: =+#REF!+G47+K47+O47+S47+W47+#REF!+#REF!+#REF!+#REF! -> #REF! | AC47: =+#REF!+H47+L47+P47+T47+X47+#REF!+#REF!+#REF!+#REF! -> #REF! | AD47: =+#REF!+I47+M47+Q47+U47+Y47+#REF!+#REF!+#REF!+#REF! -> #REF! | AE47: =+#REF!+J47+N47+R47+V47+Z47+#REF!+#REF!+#REF!+#REF! -> #REF! | AF47: =AB47+AD47 -> #REF! | AG47: =E47-AF47 -> #REF!
A48: 3.4 | B48: =VLOOKUP(A48,Orçamentária!$C$22:$L$1195,2,FALSE) -> ELÉTRICA - ILUMINAÇÃO | C48: =Orçamentária!J1091 -> 0 | D48: =Orçamentária!K1091 -> 0 | E48: =C48+D48 -> 0 | F48: =+E48/(E$52+$E$67) -> #DIV/0! | G48: =+H48*$C$48 -> 0 | H48: 0 | I48: =+J48*$D$48 -> 0 | J48: =H48 -> 0 | K48: =+L48*$C$48 -> 0 | L48: 0 | M48: =+N48*$D$48 -> 0 | N48: =L48 -> 0 | O48: =+P48*$C$48 -> 0 | P48: 0 | Q48: =+R48*$D$48 -> 0 | R48: =P48 -> 0 | S48: =+T48*$C$48 -> 0 | T48: 0 | U48: =+V48*$D$48 -> 0 | V48: =T48 -> 0 | W48: =+X48*$C$48 -> 0 | X48: 0 | Y48: =+Z48*$D$48 -> 0 | Z48: =X48 -> 0 | AB48: =+#REF!+G48+K48+O48+S48+W48+#REF!+#REF!+#REF!+#REF! -> #REF! | AC48: =+#REF!+H48+L48+P48+T48+X48+#REF!+#REF!+#REF!+#REF! -> #REF! | AD48: =+#REF!+I48+M48+Q48+U48+Y48+#REF!+#REF!+#REF!+#REF! -> #REF! | AE48: =+#REF!+J48+N48+R48+V48+Z48+#REF!+#REF!+#REF!+#REF! -> #REF! | AF48: =AB48+AD48 -> #REF! | AG48: =E48-AF48 -> #REF!
A49: 3.5 | B49: =VLOOKUP(A49,Orçamentária!$C$22:$L$1195,2,FALSE) -> DRENAGEM | C49: =Orçamentária!J1104 -> 0 | D49: =Orçamentária!K1104 -> 0 | E49: =C49+D49 -> 0 | F49: =+E49/(E$52+$E$67) -> #DIV/0! | G49: =+H49*$C$49 -> 0 | H49: 0 | I49: =+J49*$D$49 -> 0 | J49: =H49 -> 0 | K49: =+L49*$C$49 -> 0 | L49: 0 | M49: =+N49*$D$49 -> 0 | N49: =L49 -> 0 | O49: =+P49*$C$49 -> 0 | P49: 0 | Q49: =+R49*$D$49 -> 0 | R49: =P49 -> 0 | S49: =+T49*$C$49 -> 0 | T49: 0 | U49: =+V49*$D$49 -> 0 | V49: =T49 -> 0 | W49: =+X49*$C$49 -> 0 | X49: 0 | Y49: =+Z49*$D$49 -> 0 | Z49: =X49 -> 0 | AB49: =+#REF!+G49+K49+O49+S49+W49+#REF!+#REF!+#REF!+#REF! -> #REF! | AC49: =+#REF!+H49+L49+P49+T49+X49+#REF!+#REF!+#REF!+#REF! -> #REF! | AD49: =+#REF!+I49+M49+Q49+U49+Y49+#REF!+#REF!+#REF!+#REF! -> #REF! | AE49: =+#REF!+J49+N49+R49+V49+Z49+#REF!+#REF!+#REF!+#REF! -> #REF! | AF49: =AB49+AD49 -> #REF! | AG49: =E49-AF49 -> #REF!
A50: 3.6 | B50: =VLOOKUP(A50,Orçamentária!$C$22:$L$1195,2,FALSE) -> TERRAPLANAGEM / PAVIMENTAÇÃO | C50: =Orçamentária!J1128 -> 0 | D50: =Orçamentária!K1128 -> 0 | E50: =C50+D50 -> 0 | F50: =+E50/(E$52+$E$67) -> #DIV/0! | G50: =+H50*$C$50 -> 0 | H50: 0 | I50: =+J50*$D$50 -> 0 | J50: =H50 -> 0 | K50: =+L50*$C$50 -> 0 | L50: 0 | M50: =+N50*$D$50 -> 0 | N50: =L50 -> 0 | O50: =+P50*$C$50 -> 0 | P50: 0 | Q50: =+R50*$D$50 -> 0 | R50: =P50 -> 0 | S50: =+T50*$C$50 -> 0 | T50: 0 | U50: =+V50*$D$50 -> 0 | V50: =T50 -> 0 | W50: =+X50*$C$50 -> 0 | X50: 0 | Y50: =+Z50*$D$50 -> 0 | Z50: =X50 -> 0 | AB50: =+#REF!+G50+K50+O50+S50+W50+#REF!+#REF!+#REF!+#REF! -> #REF! | AC50: =+#REF!+H50+L50+P50+T50+X50+#REF!+#REF!+#REF!+#REF! -> #REF! | AD50: =+#REF!+I50+M50+Q50+U50+Y50+#REF!+#REF!+#REF!+#REF! -> #REF! | AE50: =+#REF!+J50+N50+R50+V50+Z50+#REF!+#REF!+#REF!+#REF! -> #REF! | AF50: =AB50+AD50 -> #REF! | AG50: =E50-AF50 -> #REF!
B52: VALOR TOTAL - Obra (Custo de mercado) | C52: =C14+C20+C44 -> 0 | D52: =D14+D20+D44 -> 0 | E52: =C52+D52 -> 0 | F52: =SUM(F14:F51) -> #DIV/0! | G52: =SUM(G14:G51) -> 0 | H52: =TRUNC(G52/$C$52,4) -> #DIV/0! | I52: =SUM(I14:I51) -> 0 | J52: =TRUNC(I52/$D$52,4) -> #DIV/0! | K52: =SUM(K14:K51) -> 0 | L52: =TRUNC(K52/$C$52,4) -> #DIV/0! | M52: =SUM(M14:M51) -> 0 | N52: =TRUNC(M52/$D$52,4) -> #DIV/0! | O52: =SUM(O14:O51) -> 0 | P52: =TRUNC(O52/$C$52,4) -> #DIV/0! | Q52: =SUM(Q14:Q51) -> 0 | R52: =TRUNC(Q52/$D$52,4) -> #DIV/0! | S52: =SUM(S14:S51) -> 0 | T52: =TRUNC(S52/$C$52,4) -> #DIV/0! | U52: =SUM(U14:U51) -> 0 | V52: =TRUNC(U52/$D$52,4) -> #DIV/0! | W52: =SUM(W14:W51) -> 0 | X52: =TRUNC(W52/$C$52,4) -> #DIV/0! | Y52: =SUM(Y14:Y51) -> 0 | Z52: =TRUNC(Y52/$D$52,4) -> #DIV/0!
B53: BDI A SER APLICADO - OBRA | C53: =Orçamentária!E1152 -> 3.79
B54: Valor Total de BDI - Obra | C54: =TRUNC(C52*$C$53/100,2) -> 0 | D54: =TRUNC(D52*$C$53/100,2) -> 0 | E54: =C54+D54 -> 0 | G54: =TRUNC(G52*$C$53/100,2) -> 0 | H54: =TRUNC(G54/$C$54,4) -> #DIV/0! | I54: =TRUNC(I52*$C$53/100,2) -> 0 | J54: =TRUNC(I54/$D$54,4) -> #DIV/0! | K54: =TRUNC(K52*$C$53/100,2) -> 0 | L54: =TRUNC(K54/$C$54,4) -> #DIV/0! | M54: =TRUNC(M52*$C$53/100,2) -> 0 | N54: =TRUNC(M54/$D$54,4) -> #DIV/0! | O54: =TRUNC(O52*$C$53/100,2) -> 0 | P54: =TRUNC(O54/$C$54,4) -> #DIV/0! | Q54: =TRUNC(Q52*$C$53/100,2) -> 0 | R54: =TRUNC(Q54/$D$54,4) -> #DIV/0! | S54: =TRUNC(S52*$C$53/100,2) -> 0 | T54: =TRUNC(S54/$C$54,4) -> #DIV/0! | U54: =TRUNC(U52*$C$53/100,2) -> 0 | V54: =TRUNC(U54/$D$54,4) -> #DIV/0! | W54: =TRUNC(W52*$C$53/100,2) -> 0 | X54: =TRUNC(W54/$C$54,4) -> #DIV/0! | Y54: =TRUNC(Y52*$C$53/100,2) -> 0 | Z54: =TRUNC(Y54/$D$54,4) -> #DIV/0!
B56: Valor Total da Parcela - Obra | C56: =C52+C54 -> 0 | D56: =D52+D54 -> 0 | E56: =C56+D56 -> 0 | G56: =SUM(G52:G54) -> 0 | I56: =SUM(I52:I54) -> 0 | K56: =SUM(K52:K54) -> 0 | M56: =SUM(M52:M54) -> 0 | O56: =SUM(O52:O54) -> 0 | Q56: =SUM(Q52:Q54) -> 0 | S56: =SUM(S52:S54) -> 0 | U56: =SUM(U52:U54) -> 0 | W56: =SUM(W52:W54) -> 0 | Y56: =SUM(Y52:Y54) -> 0
B57: TOTAL | I57: =G56+I56 -> 0 | J57: =TRUNC(I57/$E$56,4) -> #DIV/0! | M57: =K56+M56 -> 0 | N57: =TRUNC(M57/$E$56,4) -> #DIV/0! | Q57: =O56+Q56 -> 0 | R57: =TRUNC(Q57/$E$56,4) -> #DIV/0! | U57: =S56+U56 -> 0 | V57: =TRUNC(U57/$E$56,4) -> #DIV/0! | Y57: =W56+Y56 -> 0 | Z57: =TRUNC(Y57/$E$56,4) -> #DIV/0!
B58: % ACUMULADO | J58: =J57 -> #DIV/0! | N58: =J58+N57 -> #DIV/0! | R58: =N58+R57 -> #DIV/0! | V58: =R58+V57 -> #DIV/0! | Z58: =V58+Z57 -> #DIV/0!
B60: EQUIPAMENTO
A61: 4 | B61: =VLOOKUP(A61,Orçamentária!$C$22:$L$1195,2,FALSE) -> EQUIPAMENTOS (BDI REDUZIDO) | C61: =SUM(C62:C65) -> 0 | D61: =SUM(D62:D65) -> 0 | E61: =SUM(E62:E65) -> 0
A62: 4.1 | B62: =VLOOKUP(A62,Orçamentária!$C$22:$L$1195,2,FALSE) -> Ar-Condicionados | C62: =SUM(Orçamentária!J1162:J1170) -> 0 | D62: =SUM(Orçamentária!K1162:K1170) -> 0 | E62: =C62+D62 -> 0 | F62: =+E62/(E$52+$E$67) -> #DIV/0! | G62: =+H62*$C$62 -> 0 | H62: 0 | I62: =+J62*$D$62 -> 0 | J62: =H62 -> 0 | K62: =+L62*$C$62 -> 0 | L62: 0 | M62: =+N62*$D$62 -> 0 | N62: =L62 -> 0 | O62: =+P62*$C$62 -> 0 | P62: 0 | Q62: =+R62*$D$62 -> 0 | R62: =P62 -> 0 | S62: =+T62*$C$62 -> 0 | T62: 0 | U62: =+V62*$D$62 -> 0 | V62: =T62 -> 0 | W62: =+X62*$C$62 -> 0 | X62: 0 | Y62: =+Z62*$D$62 -> 0 | Z62: =X62 -> 0 | AB62: =+#REF!+G62+K62+O62+S62+W62+#REF!+#REF!+#REF!+#REF! -> #REF! | AC62: =+#REF!+H62+L62+P62+T62+X62+#REF!+#REF!+#REF!+#REF! -> #REF! | AD62: =+#REF!+I62+M62+Q62+U62+Y62+#REF!+#REF!+#REF!+#REF! -> #REF! | AE62: =+#REF!+J62+N62+R62+V62+Z62+#REF!+#REF!+#REF!+#REF! -> #REF! | AF62: =AB62+AD62 -> #REF! | AG62: =E62-AF62 -> #REF!
A63: 4.2 | B63: =VLOOKUP(A63,Orçamentária!$C$22:$L$1195,2,FALSE) -> Ventilação/Exaustão | C63: =SUM(Orçamentária!J1172:J1182) -> 0 | D63: =SUM(Orçamentária!K1172:K1182) -> 0 | E63: =C63+D63 -> 0 | F63: =+E63/(E$52+$E$67) -> #DIV/0! | G63: =+H63*$C$63 -> 0 | H63: 0 | I63: =+J63*$D$63 -> 0 | J63: =H63 -> 0 | K63: =+L63*$C$63 -> 0 | L63: 0 | M63: =+N63*$D$63 -> 0 | N63: =L63 -> 0 | O63: =+P63*$C$63 -> 0 | P63: 0 | Q63: =+R63*$D$63 -> 0 | R63: =P63 -> 0 | S63: =+T63*$C$63 -> 0 | T63: 0 | U63: =+V63*$D$63 -> 0 | V63: =T63 -> 0 | W63: =+X63*$C$63 -> 0 | X63: 0 | Y63: =+Z63*$D$63 -> 0 | Z63: =X63 -> 0 | AB63: =+#REF!+G63+K63+O63+S63+W63+#REF!+#REF!+#REF!+#REF! -> #REF! | AC63: =+#REF!+H63+L63+P63+T63+X63+#REF!+#REF!+#REF!+#REF! -> #REF! | AD63: =+#REF!+I63+M63+Q63+U63+Y63+#REF!+#REF!+#REF!+#REF! -> #REF! | AE63: =+#REF!+J63+N63+R63+V63+Z63+#REF!+#REF!+#REF!+#REF! -> #REF! | AF63: =AB63+AD63 -> #REF! | AG63: =E63-AF63 -> #REF!
A64: 4.3 | B64: =VLOOKUP(A64,Orçamentária!$C$22:$L$1195,2,FALSE) -> Gabinetes de Ventilação | C64: =SUM(Orçamentária!J1184:J1187) -> 0 | D64: =SUM(Orçamentária!K1184:K1187) -> 0 | E64: =C64+D64 -> 0 | F64: =+E64/(E$52+$E$67) -> #DIV/0! | G64: =+H64*$C$64 -> 0 | H64: 0 | I64: =+J64*$D$64 -> 0 | J64: =H64 -> 0 | K64: =+L64*$C$64 -> 0 | L64: 0 | M64: =+N64*$D$64 -> 0 | N64: =L64 -> 0 | O64: =+P64*$C$64 -> 0 | P64: 0 | Q64: =+R64*$D$64 -> 0 | R64: =P64 -> 0 | S64: =+T64*$C$64 -> 0 | T64: 0 | U64: =+V64*$D$64 -> 0 | V64: =T64 -> 0 | W64: =+X64*$C$64 -> 0 | X64: 0 | Y64: =+Z64*$D$64 -> 0 | Z64: =X64 -> 0 | AB64: =+#REF!+G64+K64+O64+S64+W64+#REF!+#REF!+#REF!+#REF! -> #REF! | AC64: =+#REF!+H64+L64+P64+T64+X64+#REF!+#REF!+#REF!+#REF! -> #REF! | AD64: =+#REF!+I64+M64+Q64+U64+Y64+#REF!+#REF!+#REF!+#REF! -> #REF! | AE64: =+#REF!+J64+N64+R64+V64+Z64+#REF!+#REF!+#REF!+#REF! -> #REF! | AF64: =AB64+AD64 -> #REF! | AG64: =E64-AF64 -> #REF!
A65: 4.4 | B65: =VLOOKUP(A65,Orçamentária!$C$22:$L$1195,2,FALSE) -> Coifas | C65: =SUM(Orçamentária!J1189:J1194) -> 0 | D65: =SUM(Orçamentária!K1189:K1194) -> 0 | E65: =C65+D65 -> 0 | F65: =+E65/(E$52+$E$67) -> #DIV/0! | G65: =+H65*$C$65 -> 0 | H65: 0 | I65: =+J65*$D$65 -> 0 | J65: =H65 -> 0 | K65: =+L65*$C$65 -> 0 | L65: 0 | M65: =+N65*$D$65 -> 0 | N65: =L65 -> 0 | O65: =+P65*$C$65 -> 0 | P65: 0 | Q65: =+R65*$D$65 -> 0 | R65: =P65 -> 0 | S65: =+T65*$C$65 -> 0 | T65: 0 | U65: =+V65*$D$65 -> 0 | V65: =T65 -> 0 | W65: =+X65*$C$65 -> 0 | X65: 0 | Y65: =+Z65*$D$65 -> 0 | Z65: =X65 -> 0 | AB65: =+#REF!+G65+K65+O65+S65+W65+#REF!+#REF!+#REF!+#REF! -> #REF! | AC65: =+#REF!+H65+L65+P65+T65+X65+#REF!+#REF!+#REF!+#REF! -> #REF! | AD65: =+#REF!+I65+M65+Q65+U65+Y65+#REF!+#REF!+#REF!+#REF! -> #REF! | AE65: =+#REF!+J65+N65+R65+V65+Z65+#REF!+#REF!+#REF!+#REF! -> #REF! | AF65: =AB65+AD65 -> #REF! | AG65: =E65-AF65 -> #REF!
B67: VALOR TOTAL - Equipamento (Custo de mercado) | C67: =C61 -> 0 | D67: =D61 -> 0 | E67: =C67+D67 -> 0 | F67: =SUM(F62:F65) -> #DIV/0! | G67: =SUM(G62:G66) -> 0 | H67: =TRUNC(G67/$C$67,4) -> #DIV/0! | I67: =SUM(I62:I66) -> 0 | J67: =TRUNC(I67/$D$67,4) -> #DIV/0! | K67: =SUM(K62:K66) -> 0 | L67: =TRUNC(K67/$C$67,4) -> #DIV/0! | M67: =SUM(M62:M66) -> 0 | N67: =TRUNC(M67/$D$67,4) -> #DIV/0! | O67: =SUM(O62:O66) -> 0 | P67: =TRUNC(O67/$C$67,4) -> #DIV/0! | Q67: =SUM(Q62:Q66) -> 0 | R67: =TRUNC(Q67/$D$67,4) -> #DIV/0! | S67: =SUM(S62:S66) -> 0 | T67: =TRUNC(S67/$C$67,4) -> #DIV/0! | U67: =SUM(U62:U66) -> 0 | V67: =TRUNC(U67/$D$67,4) -> #DIV/0! | W67: =SUM(W62:W66) -> 0 | X67: =TRUNC(W67/$C$67,4) -> #DIV/0! | Y67: =SUM(Y62:Y66) -> 0 | Z67: =TRUNC(Y67/$D$67,4) -> #DIV/0!
B68: BDI A SER APLICADO - EQUIPAMENTO | C68: =Orçamentária!E1218 -> 3.79
B69: Valor Total de BDI - Equipamento | C69: =TRUNC(C67*$C$68/100,2) -> 0 | D69: =TRUNC(D67*$C$68/100,2) -> 0 | E69: =C69+D69 -> 0 | G69: =TRUNC(G67*$C$68/100,2) -> 0 | H69: =TRUNC(G69/$C$69,4) -> #DIV/0! | I69: =TRUNC(I67*$C$68/100,2) -> 0 | J69: =TRUNC(I69/$D$69,4) -> #DIV/0! | K69: =TRUNC(K67*$C$68/100,2) -> 0 | L69: =TRUNC(K69/$C$69,4) -> #DIV/0! | M69: =TRUNC(M67*$C$68/100,2) -> 0 | N69: =TRUNC(M69/$D$69,4) -> #DIV/0! | O69: =TRUNC(O67*$C$68/100,2) -> 0 | P69: =TRUNC(O69/$C$69,4) -> #DIV/0! | Q69: =TRUNC(Q67*$C$68/100,2) -> 0 | R69: =TRUNC(Q69/$D$69,4) -> #DIV/0! | S69: =TRUNC(S67*$C$68/100,2) -> 0 | T69: =TRUNC(S69/$C$69,4) -> #DIV/0! | U69: =TRUNC(U67*$C$68/100,2) -> 0 | V69: =TRUNC(U69/$D$69,4) -> #DIV/0! | W69: =TRUNC(W67*$C$68/100,2) -> 0 | X69: =TRUNC(W69/$C$69,4) -> #DIV/0! | Y69: =TRUNC(Y67*$C$68/100,2) -> 0 | Z69: =TRUNC(Y69/$D$69,4) -> #DIV/0!
B71: Valor Total da Parcela - Equipamento | C71: =C67+C69 -> 0 | D71: =D67+D69 -> 0 | E71: =C71+D71 -> 0 | G71: =SUM(G67:G69) -> 0 | I71: =SUM(I67:I69) -> 0 | K71: =SUM(K67:K69) -> 0 | M71: =SUM(M67:M69) -> 0 | O71: =SUM(O67:O69) -> 0 | Q71: =SUM(Q67:Q69) -> 0 | S71: =SUM(S67:S69) -> 0 | U71: =SUM(U67:U69) -> 0 | W71: =SUM(W67:W69) -> 0 | Y71: =SUM(Y67:Y69) -> 0
B72: TOTAL | I72: =G71+I71 -> 0 | J72: =TRUNC(I72/$E$71,4) -> #DIV/0! | M72: =K71+M71 -> 0 | N72: =TRUNC(M72/$E$71,4) -> #DIV/0! | Q72: =O71+Q71 -> 0 | R72: =TRUNC(Q72/$E$71,4) -> #DIV/0! | U72: =S71+U71 -> 0 | V72: =TRUNC(U72/$E$71,4) -> #DIV/0! | Y72: =W71+Y71 -> 0 | Z72: =TRUNC(Y72/$E$71,4) -> #DIV/0!
B73: % ACUMULADO | J73: =J72 -> #DIV/0! | N73: =N72 -> #DIV/0! | R73: =R72 -> #DIV/0! | V73: =V72 -> #DIV/0! | Z73: =Z72 -> #DIV/0!
B76: Valor total da parcela/percentual da parcela | C76: =C56+C71 -> 0 | D76: =D56+D71 -> 0 | E76: =C76+D76 -> 0 | G76: =G56+G71 -> 0 | I76: =I71+I56 -> 0 | K76: =K56+K71 -> 0 | M76: =M71+M56 -> 0 | O76: =O56+O71 -> 0 | Q76: =Q71+Q56 -> 0 | S76: =S56+S71 -> 0 | U76: =U71+U56 -> 0 | W76: =W56+W71 -> 0 | Y76: =Y71+Y56 -> 0
B77: Valor total acumulado/percentual acumulado | I77: =G76+I76 -> 0 | J77: =TRUNC((+I77/$E$76),6)+F77 -> #DIV/0! | M77: =K76+M76 -> 0 | N77: =TRUNC((+M77/$E$76),6)+J77 -> #DIV/0! | Q77: =O76+Q76 -> 0 | R77: =TRUNC((+Q77/$E$76),6)+N77 -> #DIV/0! | U77: =S76+U76 -> 0 | V77: =TRUNC((+U77/$E$76),6)+R77 -> #DIV/0! | Y77: =W76+Y76 -> 0 | Z77: =TRUNC((+Y77/$E$76),6)+V77 -> #DIV/0! | AB77: =SUM(AB14:AB76) -> #REF! | AC77: =TRUNC((+AB77/$C$76),6) -> #REF! | AD77: =SUM(AD14:AD76) -> #REF! | AE77: =TRUNC((+AD77/$C$76),6) -> #REF! | AF77: =SUM(AF14:AF76) -> #REF! | AG77: =SUM(AG14:AG76) -> #REF!
B80: Profissional responsável pelo orçamento:
B81: Número de Registro no CREA ou CAU:
B82: Número da ART ou RRT:
E85: Assinatura
